 Dungeon Crawl Stone Soup version 0.32-a0-870-g877066f4b4 (webtiles) character file.

Game seed: 9593881472871885045

20744316 Necromancer21 the Wishgranter (level 27, 218/228 HPs)
             Began as a Djinni Ice Elementalist on Mar 27, 2024.
             Was an Initiate of Gozag.
             Escaped with the Orb
             ... and 15 runes
             ... and 3 gems on Mar 29, 2024!
             The game lasted 08:14:05 (76926 turns).

Necromancer21 the Wishgranter (DjIE)               Turns: 76926, Time: 08:14:06

Health: 218/228    AC: 13    Str:  9    XL:     27
Gold:   6496       EV: 49    Int: 50    God:    Gozag SH: 44 Dex: 36

rFire   + . .        y - staff of Wariness {rElec rF- Int+6 Earth}
rCold   + + +        E - +8 tower shield {reflect}
rNeg    + + +        g - +2 robe of Abstinence {rF- rC+ Regen+ Dex+7}
rPois   ∞            z - +2 helmet {Int+3}
rElec   +            n - scarf of Abstinence {repulsion, rElec Regen+}
rCorr   +            U - +1 pair of gloves of Raire {*Corrode Regen+ Int+4}
SInv    +            (boots unavailable)
Will    +++++        o - amulet "Fonudoov" {Reflect rN+ Regen+ Str+2 Slay-6 SH+5}
Stlth   ++++         Z - ring "Guny" {rN+ Will++ Int+3 Dex+2 SInv}
HPRegen 3.78/turn    Q - ring of Disaster {*Slow rC++ Will+ Int+4 Dex+6}
MPRegen 0.00/turn

%: corrode self (3%), slow self (1%), repel missiles, reflection
@: mighty, death-form, resistant, calling dragons, enlightened, flying, hasted,
invisible, inugami summoned, very quick
A: vile attack, torment immunity, no potions, flying, sickness immunity, fire
resistance 2, cold vulnerability 1, float, innate caster, HP casting, extra
vitality 1, thin skeletal structure 1, sturdy frame 1
0: Orb of Zot
}: 15/15 runes: decaying, slimy, silver, golden, iron, obsidian, icy, bone,
abyssal, demonic, glowing, magical, fiery, dark, gossamer
a: Siphon Essence, Begin Untransformation, Renounce Religion, Potion Petition,
Call Merchant, Bribe Branch


You escaped.
You worshipped Gozag.
Gozag was greatly pleased with you.
You were an undying horror.
You visited 18 branches of the dungeon, and saw 88 of its levels.
You visited Pandemonium 1 time, and saw 14 of its levels.
You visited the Abyss 1 time.
You completed 4 ziggurats, and saw 108 of their levels.
You also visited: Ice Cave and Volcano.

You collected 87683 gold pieces.
You spent 3378 gold pieces at shops.
You paid 77809 gold pieces to Gozag.

Inventory:

Hand Weapons
 K - the +6 Majin-Bo {spellvamp, MP+6 Int+6}
   (You found it on level 12 of a ziggurat)

   Int+6:     It affects your intelligence (+6).
   MP+6:      It affects your magic capacity (+6).
Missiles
 b - 58 silver javelins
 e - 4 throwing nets
Armour
 g - the +2 robe of Abstinence (worn) {rF- rC+ Regen+ Dex+7}
   (You found it on level 10 of a ziggurat)

   Dex+7:     It affects your dexterity (+7).
   rF-:       It makes you vulnerable to fire.
   rC+:       It protects you from cold.
   Regen+:    It increases your rate of health regeneration.
 n - the scarf of Abstinence (worn) {repulsion, rElec Regen+}
   (You found it on level 19 of a ziggurat)

   rElec:     It insulates you from electricity.
   Regen+:    It increases your rate of health regeneration.
 s - the +4 leather armour of Wyfu {Regen+ Int+6}
   (You found it on level 16 of a ziggurat)

   Int+6:     It affects your intelligence (+6).
   Regen+:    It increases your rate of health regeneration.
 z - a +2 helmet of intelligence (worn)
 E - a +8 tower shield of reflection (worn)
 R - a +2 cloak of preservation
 U - the +1 pair of gloves of Raire (worn) {*Corrode Regen+ Int+4}
   (You found it on level 27 of a ziggurat)

   Int+4:     It affects your intelligence (+4).
   Regen+:    It increases your rate of health regeneration.
   *Corrode:  It may corrode you when you take damage.
Magical Staves
 f - the staff of Bedazzled Tender Mercy {rF+ Int+2 Dex-2 Summ Fire}
   (You found it on level 3 of the Elven Halls)

   [staff of fire]

   Base accuracy: +5 Base damage: 5 Base attack delay: 1.2 This weapon's minimum
   attack delay (0.6) is reached at skill level 12.
   Int+2:     It affects your intelligence (+2).
   Dex-2:     It affects your dexterity (-2).
   rF+:       It protects you from fire.
   Summ:      It increases the power of your Summonings spells.
   Fire:      It increases the power of your Fire spells.
   It falls into the 'Staves' category.
   It is a one-handed weapon.
 y - the staff of Wariness (weapon) {rElec rF- Int+6 Earth}
   (You found it on level 16 of a ziggurat)

   [staff of earth]

   Base accuracy: +5 Base damage: 5 Base attack delay: 1.2 This weapon's minimum
   attack delay (0.6) is reached at skill level 12.
   Int+6:     It affects your intelligence (+6).
   rF-:       It makes you vulnerable to fire.
   rElec:     It insulates you from electricity.
   Earth:     It increases the power of your Earth spells.
   It falls into the 'Staves' category.
   It is a one-handed weapon.
Jewellery
 o - the amulet "Fonudoov" (around neck) {Reflect rN+ Regen+ Str+2 Slay-6 SH+5}
   (You found it on level 15 of a ziggurat)

   [amulet of reflection]

   Reflect:   It reflects blocked missile attacks.
   Str+2:     It affects your strength (+2).
   Slay-6:    It affects your accuracy & damage with ranged weapons and melee
   (-6).
   rN+:       It protects you from negative energy.
   Regen+:    It increases your rate of health regeneration.
   SH+5:      It affects your SH (+5).
 Q - the ring of Disaster (right hand) {*Slow rC++ Will+ Int+4 Dex+6}
   (You found it on level 19 of a ziggurat)

   [ring of dexterity]

   Int+4:     It affects your intelligence (+4).
   Dex+6:     It affects your dexterity (+6).
   rC++:      It greatly protects you from cold.
   Will+:     It increases your willpower.
   *Slow:     It may slow you when you take damage.
 Z - the ring "Guny" (left hand) {rN+ Will++ Int+3 Dex+2 SInv}
   (You found it on level 3 of the Crypt)

   [ring of positive energy]

   Int+3:     It affects your intelligence (+3).
   Dex+2:     It affects your dexterity (+2).
   rN+:       It protects you from negative energy.
   Will++:    It greatly increases your willpower.
   SInv:      It lets you see invisible.
Talismans
 d - the death talisman of the Treeataur (active) {Dex+4}
   (You found it on level 21 of a ziggurat)

   [talisman of death]

   Dex+4:     It affects your dexterity (+4).
Wands
 t - a wand of mindburst (188)
 A - a wand of charming (353)
 F - a wand of flame (436)
 I - a wand of digging (101)
 J - a wand of polymorph (110)
 N - a wand of iceblast (244)
 W - a wand of light (204)
Scrolls
 l - 71 scrolls of teleportation
 p - 53 scrolls of fog
 r - 24 scrolls of blinking
 w - 14 scrolls of fear
 C - 13 scrolls of immolation
 G - 4 scrolls of summoning
 L - 27 scrolls of revelation
 M - 14 scrolls of poison
 V - 61 scrolls of enchant weapon
 Y - 39 scrolls of enchant armour
Potions
 a - 13 potions of attraction
 c - 8 potions of lignification
 h - 32 potions of heal wounds
 i - 23 potions of experience
 k - 7 potions of resistance
 m - 34 potions of curing
 q - 82 potions of mutation
 v - 6 potions of brilliance
 x - 30 potions of haste
 B - 10 potions of invisibility
 D - 17 potions of cancellation
 O - 6 potions of enlightenment
 S - 16 potions of ambrosia
Miscellaneous
 j - a lightning rod (4/4)
 u - the horn of Geryon
 H - a sack of spiders
 P - a phantom mirror
 T - 2 +4 figurines of a ziggurat
 X - a phial of floods


   Skills:
 O Level 27 Fighting
 O Level 27 Short Blades
 O Level 27 Long Blades
 O Level 27 Axes
 O Level 27 Maces & Flails
 O Level 27 Polearms
 + Level 24.8(27) Staves
 O Level 27 Ranged Weapons
 O Level 27 Throwing
 O Level 27 Armour
 O Level 27 Dodging
 O Level 27 Stealth
 O Level 27 Shields
 O Level 27 Unarmed Combat
 O Level 27 Spellcasting
 O Level 27 Conjurations
 O Level 27 Hexes
 O Level 27 Summonings
 O Level 27 Necromancy
 O Level 27 Translocations
 O Level 27 Fire Magic
 O Level 27 Ice Magic
 O Level 27 Air Magic
 O Level 27 Earth Magic
 O Level 27 Alchemy
 O Level 27 Invocations
 O Level 27 Evocations
 O Level 27 Shapeshifting


You knew the following spells:

 Your Spells              Type           Power      Damage    Failure   Level
a - Freeze                Ice            100%       1d10      0%          1
b - Frozen Ramparts       Ice            100%       1d16      0%          3
c - Ozocubu's Armour      Ice            100%       N/A       0%          3
d - Summon Ice Beast      Ice/Summ       100%       N/A       0%          3
e - Kiss of Death         Conj/Necr      100%       2d13      0%          1
f - Lesser Beckoning      Tloc           100%       N/A       0%          2
g - Scorch                Fire           100%       2d9       0%          2
h - Call Canine Familiar  Summ           100%       N/A       0%          3
i - Arcjolt               Conj/Air       73%        1d83      0%          5
j - Alistair's Intoxicat  Alch           98%        N/A       0%          5
k - Bombard               Conj/Erth      86%        9d14      0%          6
l - Monstrous Menagerie   Summ           73%        N/A       0%          7
m - Plasma Beam           Fire/Air       73%        2x1d90    0%          6
n - Ignition              Fire           73%        3d19      0%          8
o - Spellforged Servitor  Conj/Summ      73%        N/A       0%          7
p - Shatter               Erth           86%        3d62*     1%          9
q - Dragon's Call         Summ           73%        N/A       1%          9
Your spell library was empty.

Dungeon Overview and Level Annotations

Branches:
Dungeon (15/15)            Temple (1/1) D:6            Lair (5/5) D:8
  Swamp (4/4) Lair:2       Spider (4/4) Lair:2        Slime (5/5) Lair:5
    Orc (2/2) D:12            Elf (3/3) Orc:2        Vaults (5/5) D:14
  Crypt (3/3) Vaults:2       Tomb (3/3) Crypt:3      Depths (4/4) D:15
   Hell (visited)             Dis (7/7) Hell            Geh (7/7) Hell
    Coc (7/7) Hell            Tar (7/7) Hell            Zot (5/5) Depths:4
  IceCv (visited)         Volcano (visited)

Altars:
Ashenzari
Cheibriados
Dithmenos
Elyvilon
Fedhas
Gozag
Hepliaklqana
Makhleb
Nemelex Xobeh
Okawaru
Qazlal
Ru
Trog
Uskayaw
Wu Jian
Xom
Yredelemnul
Zin
The Shining One
Beogh
Jiyva

Shops:
D:12 [   Orc:2 :[![=   Elf:2 :   Elf:3 [!(   Vaults:3 ?[(   Depths:1 (
Depths:3 ([:

Portals:
Hell: Depths:1 Depths:2 Depths:3 Depths:4
Abyss: Swamp:1 Depths:3 Depths:4
Pandemonium: Depths:2

Annotations:
Swamp:1 2 transporters, Jopt's ghost, journeyman VSBe
Crypt:1 1 runed translucent door
Dis:2 30 runed translucent doors
Zot:1 2 transporters, koorschki's ghost, veteran DsWn


Innate Abilities, Weirdness & Mutations

You are an undying horror.
Your melee and unarmed attacks drain, slow and weaken victims.
You are immune to unholy pain and torment.
You cannot drink.
You are flying.
You are immune to sickness and miasma.
You are immune to poison.
Your flesh is very heat resistant. (rF++)
You are vulnerable to cold. (rC-)
You float through the air rather than walking.
You learn spells naturally, not from books.
Your magical power is your life essence.
You have superior vitality. (+4 MHP)
You have a somewhat thin skeletal structure. (Dex +2, Stealth+)
Your movements are slightly less encumbered by armour. (ER -2)


Message History

[c] - 230 gold - heal wounds and berserk rage Purchase which effect?
You feel protected.
You feel more buoyant. [a] - 528 gold - resistance, might and haste [b] - 390 gold - heal wounds, curing and berserk rage [c] - 754 gold - resistance, might, haste and heal wounds Purchase which effect?
You feel protected.
You feel very mighty all of a sudden.
You feel as though your hastened speed will last longer. [a] - 168 gold - heal wounds and curing [b] - 232 gold - heal wounds and curing [c] - 299 gold - heal wounds, curing and berserk rage Purchase which effect?
You feel much better.
You feel better.
An Orb Guardian comes into view. [a] - 288 gold - invisibility and might [b] - 550 gold - haste, resistance and enlightenment [c] - 396 gold - resistance and invisibility Purchase which effect?
You fade further into invisibility.
You feel mightier all of a sudden.
Your quicksilver dragon disappears in a puff of smoke!
Casting: Dragon's Call (mildly dangerous; 1% risk of failure)
Confirm with . or Enter, or press ? or * to list all spells.
You summon a servant imbued with your destructive magic!
Casting: Spellforged Servitor (safe; 0% risk of failure)
Confirm with . or Enter, or press ? or * to list all spells.
You call for your canine familiar and it appears with a howl!
Casting: Call Canine Familiar (safe; 0% risk of failure)
Confirm with . or Enter, or press ? or * to list all spells.
A chill wind blows around you.
Casting: Summon Ice Beast (safe; 0% risk of failure)
Confirm with . or Enter, or press ? or * to list all spells.
You summon a lindwurm!
Casting: Monstrous Menagerie (safe; 0% risk of failure)
Confirm with . or Enter, or press ? or * to list all spells.
You summon a manticore!
You swap places.
There is a staircase leading out of the dungeon here.
The Orb Guardian hits your ice beast!!
You have escaped!

#.....#.# #.............###.
#.....#.# #......####...#...
#.(...#.# #...$......###.).#
#.....#.####......###.....#.
#######.................###.
#....X...###[....#..#.
#..⌠Y..⌠.........#...#
#####..H###..###..........
#.....9Dhz#...............
#####..k###$.#######....##
##.⌠D..⌠.# ###### #.......#
#########


You could see an Orb Guardian, a friendly shadow dragon (summoned), a friendly
golden dragon (summoned), a friendly spellforged servitor (summoned), a friendly
manticore (summoned), a friendly lindwurm (summoned), a friendly ice beast
(summoned) and a friendly inugami (summoned).

Vanquished Creatures
  Antaeus (Coc:7)
  Asmodeus (Geh:7)
  the Royal Jelly (Slime:5)
  Gloorx Vloq (Pan)
  Mnoleg (Pan)
  40 pandemonium lords
  7 orbs of fire
  104 dread liches
  Dispater (Dis:7)
  73 ancient liches
  The ghost of Amauri the Slayer, a veteran OnAl of Vehumet (Crypt:1)
  Mennas (Depths:4)
  62 royal mummies
  34 juggernauts
  Sojobo (Vaults:4)
  Boris (Tomb:3)
  23 Killer Klowns
  33 shard shrikes
  74 caustic shrikes
  88 golden dragons
  Norris (Elf:1)
  Geryon (Hell)
  8 profane servitors
  A pearl dragon (Zig:14)
  52 iron giants
  63 bone dragons
  19 Tzitzimimeh
  26 doom hounds
  An electric golem (Zot:5)
  59 Brimstone Fiends
  A spectral shard shrike (Tar:6)
  91 hellephants
  115 Hell Sentinels
  41 Ice Fiends
  74 tentacled monstrosities
  A walking earthen tome (Zig:15)
  64 liches
  17 Orb Guardians
  Zenata (Vaults:1)
  81 titans
  38 deep elf blademasters
  20 tainted leviathans
  A quicksilver dragon (shapeshifter) (Zig:5)
  71 deep elf master archers
  A walking frostbound tome (Depths:4)
  19 quicksilver dragons
  25 Executioners
  162 acid blobs
  55 tentacled starspawn
  98 searing wretches
  8 thorn hunters
  39 sphinxes
  4 death cobs (Zot:5)
  Murray (Hell)
  Agnes (Elf:1)
  80 ancient champions
  18 shadow dragons
  54 azure jellies
  109 nagarajas
  26 fenstrider witches
  32 tengu reavers
  2 daevas
  17 storm dragons
  A fenstrider witch (shapeshifter) (Zig:12)
  Donald (Swamp:1)
  62 revenants
  60 rockslimes
  23 demonspawn warmongers
  37 narguns
  26 deep elf sorcerers
  95 draconian scorchers
  2 fire giants (shapeshifter)
  17 iron dragons
  52 draconian knights
  30 frost giants
  84 quicksilver elementals
  40 draconian shifters
  121 emperor scorpions
  20 protean progenitors
  A frost giant (shapeshifter) (Zig:12)
  41 draconian monks
  48 fire giants
  4 deep elf elementalists
  42 vault wardens
  4 juggernaut zombies
  104 balrugs
  Louise (Swamp:1)
  39 orc warlords
  61 curse skulls
  254 ghost moths
  3 spectral caustic shrikes
  81 draconian stormcallers
  2 quicksilver oozes (shapeshifter)
  4 angels
  6 shard shrike simulacra
  60 draconian annihilators
  62 very ugly things
  67 demonspawn corrupters
  The ghost of Xaosyiw the Eclecticist, an adept DECj of Sif Muna (Depths:1)
  A spriggan defender (Depths:4)
  25 ghouls
  32 quicksilver oozes
  17 formless jellyfish
  29 cacodemons
  53 reapers
  3 juggernaut skeletons
  21 broodmothers
  23 ironbound preservers
  2 stone giants (shapeshifter) (Zig:8)
  A caustic shrike skeleton (Pan)
  22 demonspawn blood saints
  37 vampire knights
  4 ironbound thunderhulks
  75 stone giants
  2 eleionomae (shapeshifter) (Zig:12)
  33 green draconians
  Nessos (Lair:4)
  37 deep elf demonologists
  10 lorocyprocas
  24 elemental wellsprings
  34 deep elf death magi
  19 putrid mouths
  29 white draconians
  63 deep elf annihilators
  25 black draconians
  45 war gargoyles
  15 eleionomae
  16 demonspawn black suns
  25 red draconians
  19 bunyips
  26 dire elephants
  30 purple draconians
  14 bennus
  43 wendigos
  29 spark wasps
  38 yellow draconians
  55 eidola
  22 blizzard demons
  9 crystal guardians
  3 merfolk impalers
  230 slime creatures
  48 ettins
  2 quicksilver dragon zombies
  57 green deaths
  A spectral iron giant (Tar:2)
  64 iron golems
  9 jiangshi
  43 mummy priests
  42 shambling mangroves
  136 entropy weavers
  A spectral golden dragon (Zig:26)
  21 fire dragons
  64 deep elf high priests
  19 great orbs of eyes
  43 vault guards
  63 yaktaur captains
  An entropy weaver (shapeshifter) (Zig:27)
  A spectral sphinx (Zig:27)
  32 merfolk javelineers
  The ghost of Stonecrops the Fighter, a journeyman FoFi of Gozag (D:11)
  108 salamander tyrants
  A spectral shadow dragon (Zig:27)
  38 hydras
  9 spriggan air magi
  12 hell beasts
  9 ogre magi
  4 rakshasas
  11 ice dragons
  25 jorogumos
  A sphinx zombie (Zig:10)
  20 alligators
  6 anacondas
  6 death knights
  10 caustic shrike simulacra
  8 merfolk aquamancers
  27 boulder beetles
  11 centaur warriors
  22 catoblepae
  7 ghost crabs
  5 juggernaut simulacra
  12 ironbound frosthearts
  13 two-headed ogres
  13 stokers
  68 dancing weapons
  4 spriggan skeletons
  A spectral stone giant (Tar:1)
  24 satyrs
  An alligator snapping turtle (shapeshifter) (Zig:12)
  19 radroaches
  A sphinx skeleton (Zig:10)
  A fenstrider witch skeleton (Tomb:1)
  A death yak (shapeshifter) (Zig:8)
  19 deep troll earth magi
  7 deep troll shamans
  3 occultists
  21 death yaks
  5 tengu warriors
  57 hell hogs
  105 death scarabs
  A spectral dire elephant (Tar:3)
  11 naga warriors
  50 thrashing horrors
  44 vampire magi
  55 naga sharpshooters
  4 spriggan berserkers
  51 demonic crawlers
  51 soul eaters
  A titan zombie (Vaults:4)
  26 hell knights
  45 orc high priests
  21 shock serpents
  4 shock serpents (shapeshifter)
  51 deep elf knights
  A cyclops (shapeshifter) (Vaults:5)
  56 sun demons
  A hellephant skeleton (Pan)
  29 iron trolls
  37 crystal echidnas
  87 wretched stars
  2 fire crabs (Zig:13)
  28 shadow wraiths
  17 sixfirhies
  4 iron trolls (shapeshifter)
  8 salamander mystics
  22 skysharks
  3 storm dragon zombies
  68 pharaoh ants
  3 skysharks (shapeshifter)
  11 goliath frogs
  36 skeletal warriors
  15 spatial maelstroms
  2 bunyip zombies (Crypt:3)
  A swamp dragon (shapeshifter) (Zig:14)
  2 death drakes (Zig:12)
  33 flayed ghosts
  A sea snake (Zig:17)
  A sea snake (shapeshifter) (Zig:5)
  6 arcanists
  4 quicksilver dragon simulacra
  A spark wasp zombie (Zig:9)
  26 spriggan druids
  A deep troll (shapeshifter) (Zig:5)
  3 orange crystal statues
  A spectral anaconda (Tar:2)
  43 orb spiders
  24 swamp dragons
  14 bog bodies
  14 mana vipers
  9 spriggan simulacra
  4 mana vipers (shapeshifter)
  A spectral hydra (Tar:4)
  A steelbarb worm (shapeshifter) (Zig:4)
  22 deep trolls
  28 ironbound convokers
  2 golden dragon skeletons
  18 shadow demons
  26 orc knights
  7 naga ritualists
  48 deep elf archers
  14 glowing orange brains
  6 lindwurms
  16 sun moths
  2 tengu zombies
  5 harpies
  2 lindwurms (shapeshifter)
  A kraken simulacrum (Coc:7)
  Pikel (D:5)
  19 thermic dynamos
  An anaconda skeleton (Hell)
  41 steelbarb worms
  93 deep elf pyromancers
  4 obsidian bats (Zig:26)
  A harpy (shapeshifter) (Elf:1)
  24 orc sorcerers
  88 deep elf zephyrmancers
  45 phantasmal warriors
  9 obsidian statues
  93 large abominations
  32 ugly things
  4 lightning spires (Zig:16)
  2 iron dragon zombies
  32 necromancers
  2 tengu skeletons
  2 fire giant zombies (Hell)
  13 fauns
  8 worldbinders
  A glowing shapeshifter (Zig:11)
  2 alligator zombies (Hell)
  A sphinx simulacrum (Zig:10)
  34 shining eyes
  2 stone giant zombies
  2 shadow dragon skeletons
  80 wolf spiders
  A faun (shapeshifter) (Vaults:2)
  12 salamanders
  A human skeleton (Vaults:1)
  16 will-o-the-wisps
  19 cyclopes
  3 human zombies
  8 elephants
  89 moths of wrath
  6 manticores
  2 centaur zombies (Crypt:3)
  2 frost giant skeletons
  An alligator skeleton (Hell)
  2 black mambas (shapeshifter)
  23 kobold blastminers
  24 meliai
  2 elephants (shapeshifter)
  2 moths of wrath (shapeshifter) (Vaults:5)
  4 ice statues
  4 dire elephant zombies
  An eye of devastation (shapeshifter) (Zig:27)
  26 water nymphs
  2 water nymphs (shapeshifter)
  A guardian serpent (shapeshifter) (Zig:6)
  28 apocalypse crabs
  9 rust devils
  A shock serpent zombie (Crypt:1)
  32 guardian serpents
  33 vault sentinels
  46 naga magi
  76 smoke demons
  152 torpor snails
  An alligator snapping turtle zombie (Crypt:2)
  2 fire giant skeletons (Zig:10)
  32 eyes of devastation
  3 torpor snails (shapeshifter)
  75 black mambas
  30 cane toads
  8 titan simulacra
  4 gargoyles
  A cane toad (shapeshifter) (Zig:19)
  20 komodo dragons
  5 spriggan zombies
  2 molten gargoyles (Hell)
  16 orange demons
  An unseen horror (shapeshifter) (Zig:15)
  89 hellions
  A naga skeleton (Abyss:1)
  5 nameless horrors
  58 tormentors
  A sea snake zombie (Hell)
  3 komodo dragons (shapeshifter)
  2 unseen horrors
  7 rime drakes
  6 efreet
  A kobold demonologist (D:11)
  34 yaktaurs
  5 anaconda simulacra
  16 ice devils
  27 freezing wraiths
  6 iron giant simulacra
  An alligator snapping turtle skeleton (Crypt:2)
  91 guardian mummies
  10 red devils
  2 spectral glowing shapeshifters (Zig:27)
  2 sea snake skeletons (Hell)
  7 silent spectres
  A yaktaur (shapeshifter) (Zig:23)
  5 tengu conjurers
  A merfolk (Zig:17)
  4 hydra zombies
  39 ancient zymes
  5 golden dragon simulacra
  A red draconian skeleton (Crypt:2)
  A shadow dragon simulacrum (Crypt:1)
  2 queen bees
  A polar bear (shapeshifter) (Zig:27)
  3 harpy zombies
  2 queen bees (shapeshifter) (Zig:15)
  A wind drake (shapeshifter) (Zig:15)
  3 merfolk (shapeshifter)
  19 polar bears
  9 trolls
  10 tyrant leeches
  10 hellwings
  4 bloated husks
  2 spectral harpies (Tar:3)
  A raiju (shapeshifter) (Zig:6)
  A harpy skeleton (Abyss:1)
  53 tarantellas
  2 trolls (shapeshifter)
  2 tengu simulacra
  11 blink frogs
  35 raiju
  99 hornets
  30 glass eyes
  7 centaur simulacra
  3 iron dragon simulacra
  A stone giant simulacrum (Coc:2)
  A black mamba zombie (Crypt:3)
  3 snapping turtles
  An ettin zombie (Crypt:3)
  Sigmund (D:5)
  A deep troll zombie (Vaults:1)
  2 snapping turtles (shapeshifter)
  A slime creature (shapeshifter) (Zig:11)
  21 water elementals
  2 shadows
  A spriggan (shapeshifter) (Zig:7)
  A vampire (D:10)
  15 wraiths
  61 jumping spiders
  19 air elementals
  A satyr skeleton (Crypt:1)
  62 culicivoras
  13 small abominations
  14 wyverns
  59 yaks
  11 fire bats
  33 ynoxinuls
  40 ushabtiu
  A wind drake zombie (Crypt:2)
  11 wargs
  19 spriggans
  4 humans (D:14)
  A human (shapeshifter) (Zig:19)
  130 starcursed masses
  6 basilisks
  5 dire elephant simulacra
  38 fire elementals
  5 hogs (Elf:1)
  7 steam dragons
  21 golden eyes
  95 redbacks
  6 vampire mosquitoes
  59 neqoxecs
  A redback (shapeshifter) (Zig:8)
  26 chaos spawn
  A swamp worm (shapeshifter) (Zig:26)
  17 harpy simulacra
  A hydra simulacrum (Coc:7)
  13 swamp worms
  6 acid dragons
  23 nagas
  4 hell hounds
  19 water moccasins
  3 glowing shapeshifter skeletons
  59 orc warriors
  2 sky beasts
  15 swamp drakes
  A black bear (shapeshifter) (Zig:6)
  A black bear (D:6)
  19 laughing skulls
  A tengu (shapeshifter) (Abyss:1)
  5 ettin simulacra
  17 ogres
  16 wolves
  A snapping turtle skeleton (Crypt:2)
  8 centaurs
  2 phantoms
  3 kobold brigands
  An elf zombie (Elf:1)
  A brain worm (shapeshifter) (Zig:12)
  8 bullfrogs
  A gnoll sergeant (D:12)
  A glowing shapeshifter simulacrum (Zig:10)
  5 naga simulacra
  20 earth elementals
  2 scorpions (Spider:2)
  11 wyvern skeletons (Crypt:3)
  15 wights
  Dowan (D:5)
  47 killer bees
  2 human simulacra
  A shapeshifter skeleton (Crypt:1)
  3 electric eels
  6 howler monkeys
  6 crimson imps
  A hound (D:6)
  2 quasits (Abyss:1)
  5 orc priests
  A centaur skeleton (Crypt:2)
  An iron imp (Abyss:1)
  A sleepcap (D:5)
  3 iguanas
  10 orc wizards
  9 hell rats
  A naga zombie (Crypt:2)
  A hound zombie (Crypt:1)
  113 mummies
  6 adders
  7 gnolls
  A white imp (Abyss:1)
  5 ufetubi
  2 dart slugs
  A ribbon worm (D:3)
  33 orcs
  7 endoplasms
  2 giant cockroaches
  3 goblins
  6 hobgoblins
  2 jackals (D:1)
  8 kobolds
  3 quokkas
  5 ball pythons
  A ball python skeleton (Crypt:2)
  4 bats
  3 frilled lizards
  A frilled lizard zombie (Crypt:2)
  3 rats
  28 aspiring fleshes
  3 creeping infernos
  2 fire vortices (Pan)
  A lurking horror (Abyss:5)
  16 starspawn tentacles
11211 creatures vanquished.

Vanquished Creatures (collateral kills)
  Cerebov (Pan)
  Ereshkigal (Tar:7)
  Lom Lobon (Pan)
  the Serpent of Hell (Tar:7)
  An ancient lich (Zot:5)
  4 orbs of fire (Zot:5)
  A juggernaut (Depths:4)
  2 Killer Klowns (Zot:5)
  A curse toe (Zot:5)
  A golden dragon (Zig:23)
  4 profane servitors
  Nikola (Swamp:2)
  6 bone dragons
  A doom hound (Tar:4)
  An electric golem (Zot:5)
  3 Tzitzimimeh
  A Brimstone Fiend (Pan)
  An iron giant (Dis:7)
  An Ice Fiend (Pan)
  2 Hell Sentinels (Pan)
  6 Orb Guardians (Zot:5)
  A shard shrike skeleton (Crypt:1)
  2 tentacled monstrosities (Zot:3)
  A titan (Vaults:4)
  3 tainted leviathans (Tar:7)
  2 searing wretches (Geh:7)
  2 acid blobs (Slime:5)
  A tengu reaver (Depths:2)
  An Executioner (Pan)
  2 pandemonium lords
  A death cob (Zot:1)
  Aizul (Spider:3)
  3 storm dragons
  Kirke (Elf:1)
  2 draconian knights
  Roxanne (Swamp:1)
  3 demonspawn warmongers (Pan)
  2 frost giants
  2 rockslimes (Slime:5)
  A draconian shifter (Zot:4)
  2 quicksilver elementals (Dis:7)
  3 ghost moths
  5 balrugs
  An orc warlord (Orc:2)
  A draconian scorcher (Zot:5)
  A curse skull (Pan)
  2 emperor scorpions (Spider:2)
  A cacodemon (Pan)
  A draconian annihilator (Zot:4)
  4 quicksilver oozes (Slime:5)
  A very ugly thing (Depths:2)
  2 demonspawn blood saints (Pan)
  An ironbound preserver (Vaults:4)
  3 demonspawn corrupters (Pan)
  3 green draconians
  3 formless jellyfish (Slime:5)
  7 reapers
  A vampire knight (Depths:4)
  2 lorocyprocas
  3 purple draconians
  2 putrid mouths
  2 black draconians (Zot:1)
  A white draconian (Zot:1)
  A deep elf annihilator (Pan)
  2 yellow draconians
  An eleionoma (Swamp:1)
  2 demonspawn black suns
  2 red draconians
  A bunyip (Swamp:1)
  6 dire elephants
  5 eidola (Tar:7)
  2 fire dragons
  Snorg (D:10)
  A mummy priest (Tomb:2)
  2 blizzard demons (Pan)
  4 green deaths
  2 great orbs of eyes (Slime:5)
  4 ice dragons
  3 boulder beetles
  3 hydras
  A radroach (Spider:3)
  2 jiangshi (Crypt:1)
  A vault guard (D:14)
  A centaur warrior (Orc:2)
  An alligator (Swamp:1)
  A catoblepas (D:14)
  4 two-headed ogres
  A stoker (Geh:7)
  7 dancing weapons
  A death scarab (Tomb:2)
  A hell hog (Zig:21)
  A vampire mage (Crypt:1)
  A tengu warrior (D:15)
  A deep troll shaman (Depths:4)
  2 demonic crawlers (Spider:1)
  A death yak (Lair:5)
  An orc high priest (Orc:1)
  2 thrashing horrors (Zig:11)
  2 hell knights (Depths:4)
  2 wretched stars (Zig:11)
  7 sun demons (Pan)
  A skyshark (Lair:4)
  Nergalle (Orc:1)
  4 pharaoh ants
  4 soul eaters
  4 shadow wraiths (Tar:7)
  Amaemon (D:8)
  An iron troll (Depths:2)
  A spark wasp zombie (Hell)
  A shadow demon (D:1)
  4 skeletal warriors (Crypt:1)
  6 orb spiders
  A sixfirhy (Pan)
  5 large abominations
  A flayed ghost (Crypt:1)
  A goliath frog (Lair:2)
  A sun moth (Spider:4)
  A deep troll (Vaults:4)
  An arcanist (Vaults:2)
  A phantasmal warrior (Crypt:1)
  An orc knight (Orc:2)
  3 steelbarb worms
  A necromancer (Crypt:1)
  10 deep elf pyromancers
  A harpy (Vaults:2)
  5 ugly things
  9 wolf spiders
  3 deep elf zephyrmancers
  An orc sorcerer (Elf:3)
  4 cyclopes
  8 moths of wrath
  7 elephants
  A manticore (Lair:5)
  2 salamanders (Volcano)
  4 kobold blastminers
  8 smoke demons
  2 black mambas
  A black mamba (shapeshifter) (D:14)
  A vault sentinel (Vaults:3)
  An eye of devastation (Slime:5)
  A naga skeleton (Crypt:1)
  4 torpor snails
  Maggie (D:9)
  An ice statue (IceCv)
  A rust devil (D:14)
  3 orange demons
  3 cane toads
  A dire elephant skeleton (Crypt:1)
  A black draconian zombie (Crypt:1)
  A freezing wraith (Crypt:1)
  2 komodo dragons
  2 hellions
  4 yaktaurs
  2 efreet
  An ice devil (D:3)
  A human zombie (Vaults:4)
  A tengu conjurer (Depths:4)
  2 tormentors
  A yaktaur skeleton (Vaults:4)
  A silent spectre (Zig:27)
  4 trolls
  A tyrant leech (Swamp:1)
  A hellwing (Pan)
  9 nameless horrors
  3 hornets (Spider:2)
  Prince Ribbit (D:5)
  14 tarantellas
  2 polar bears (IceCv)
  2 glass eyes (Slime:5)
  2 blink frogs (Lair:5)
  16 jumping spiders
  15 slime creatures
  2 air elementals (Elf:3)
  3 wraiths
  3 wyverns
  18 yaks
  17 culicivoras
  A vampire (D:13)
  A spriggan (Swamp:1)
  5 ynoxinuls (Pan)
  4 fire elementals
  11 basilisks
  2 fire bats (Pan)
  3 wargs
  2 steam dragons
  2 neqoxecs
  5 starcursed masses (Zig:11)
  39 redbacks
  2 chaos spawn
  A swamp worm (Swamp:1)
  10 water moccasins
  Duvessa (D:5)
  A black bear (D:6)
  24 orc warriors
  3 ice beasts
  2 laughing skulls (D:15)
  5 ogres
  4 wolves
  9 centaurs
  2 lemures (D:5)
  7 bullfrogs
  A kobold brigand (D:9)
  3 gnoll sergeants
  A komodo dragon skeleton (Crypt:1)
  27 scorpions (Spider:2)
  2 wights (D:8)
  14 killer bees
  2 howler monkeys
  2 bombardier beetles (D:5)
  4 hounds
  A jelly (D:6)
  4 orc priests
  An iguana (D:4)
  12 orc wizards
  2 sleepcaps
  2 hell rats (Lair:2)
  A mummy (Tomb:2)
  4 gnolls
  2 adders (D:4)
  An ufetubus (D:6)
  A ribbon worm (D:4)
  45 orcs
  An endoplasm (D:4)
  3 hobgoblins (D:4)
  A frilled lizard zombie (Crypt:1)
  2 goblins (D:4)
  6 kobolds
  3 fire vortices
762 creatures vanquished.

Vanquished Creatures (others)
  A golden dragon (Zig:12)
  An Executioner (Zig:14)
  A blizzard demon (Pan)
  A vault guard (D:14)
  A hydra (Zig:9)
  A juggernaut simulacrum (Coc:4)
  2 ghost crabs (Zig:9)
  A radroach (Zig:21)
  A wretched star (Zig:22)
  A goliath frog (Zig:9)
  A silent spectre (Zig:11)
  A culicivora (Spider:1)
  2 water elementals
  2 air elementals
  A human (D:14)
  A vampire mosquito (Zig:9)
  A small abomination (Depths:4)
  A centaur (D:8)
  21 ball lightnings (Pan)
  3 fire vortices (Pan)
  8 foxfires
  12 starspawn tentacles
65 creatures vanquished.

Grand Total: 12038 creatures vanquished

Notes
Turn   | Place    | Note
-------+----------+-------------------------------------------
     0 | D:1      | Necromancer21 the Djinni Ice Elementalist began the quest
                  | for the Orb.
     0 | D:1      | Necromancer21 set off with the following spells memorised:
                  | Freeze, Frozen Ramparts, Ozocubu's Armour, Summon Ice
                  | Beast.
     0 | D:1      | Reached XP level 1. HP: 15/15 MP: 0/0
   120 | D:1      | Reached XP level 2. HP: 22/22 MP: 0/0
   405 | D:2      | Reached skill level 1 in Fighting
   405 | D:2      | Reached XP level 3. HP: 21/27 MP: 0/0
   405 | D:2      | Learned a level 1 spell: Kiss of Death
   634 | D:2      | Found a glowing golden altar of the Shining One.
   764 | D:2      | Reached XP level 4. HP: 31/32 MP: 0/0
  1820 | D:4      | Reached XP level 5. HP: 28/38 MP: 0/0
  1820 | D:4      | Learned a level 2 spell: Lesser Beckoning
  2023 | D:4      | Found a snail-covered altar of Cheibriados.
  2122 | D:4      | Reached skill level 5 in Spellcasting
  2122 | D:4      | Reached skill level 5 in Conjurations
  2122 | D:4      | Reached skill level 5 in Hexes
  2122 | D:4      | Reached skill level 5 in Summonings
  2122 | D:4      | Reached skill level 5 in Necromancy
  2122 | D:4      | Reached skill level 5 in Translocations
  2122 | D:4      | Reached skill level 5 in Fire Magic
  2122 | D:4      | Reached skill level 5 in Ice Magic
  2122 | D:4      | Reached skill level 5 in Air Magic
  2122 | D:4      | Reached skill level 5 in Earth Magic
  2122 | D:4      | Reached skill level 5 in Alchemy
  2122 | D:4      | Reached XP level 6. HP: 43/45 MP: 0/0
  2801 | D:4      | Found a sparkling altar of Nemelex Xobeh.
  2812 | D:5      | Entered Level 5 of the Dungeon
  3011 | D:5      | Reached XP level 7. HP: 50/50 MP: 0/0
  3011 | D:5      | Learned a level 2 spell: Scorch
  3032 | D:5      | Noticed a water moccasin
  3036 | D:5      | Killed a water moccasin
  3126 | D:5      | Noticed Pikel
  3163 | D:5      | Killed Pikel
  3164 | D:5      | Reached skill level 5 in Fighting
  3164 | D:5      | Reached XP level 8. HP: 48/59 MP: 0/0
  3266 | D:5      | Noticed Prince Ribbit
  3270 | D:5      | Killed Prince Ribbit
  3315 | D:5      | Noticed Sigmund
  3321 | D:5      | Killed Sigmund
  3322 | D:5      | Reached XP level 9. HP: 54/66 MP: 0/0
  3322 | D:5      | Learned a level 3 spell: Call Canine Familiar
  3359 | D:5      | Noticed Dowan
  3363 | D:5      | Killed Dowan
  3364 | D:5      | Noticed Duvessa
  3372 | D:5      | Killed Duvessa
  4342 | D:6      | Found a staircase to the Ecumenical Temple.
  4355 | Temple   | Entered the Ecumenical Temple
  4378 | Temple   | Became a worshipper of Makhleb the Destroyer
  4603 | D:7      | Reached XP level 10. HP: 60/75 MP: 0/0
  4995 | D:7      | Reached * piety under Makhleb
  5186 | D:8      | Identified the +3 leather armour of Leol {-Tele rElec
                  | Int+4}
  5395 | D:8      | Reached skill level 10 in Spellcasting
  5395 | D:8      | Reached skill level 10 in Conjurations
  5395 | D:8      | Reached skill level 10 in Hexes
  5395 | D:8      | Reached skill level 10 in Summonings
  5395 | D:8      | Reached skill level 10 in Necromancy
  5395 | D:8      | Reached skill level 10 in Translocations
  5395 | D:8      | Reached skill level 10 in Fire Magic
  5395 | D:8      | Reached skill level 10 in Ice Magic
  5395 | D:8      | Reached skill level 10 in Air Magic
  5395 | D:8      | Reached skill level 10 in Earth Magic
  5395 | D:8      | Reached skill level 10 in Alchemy
  5417 | D:8      | Found a shadowy altar of Dithmenos.
  5441 | D:8      | Found a glowing silver altar of Zin.
  5495 | D:8      | Found a sacrificial altar of Ru.
  5542 | D:8      | Noticed Amaemon
  5542 | D:8      | Noticed an orange demon
  5551 | D:8      | Killed an orange demon
  5552 | D:8      | Reached skill level 1 in Shields
  5552 | D:8      | Killed Amaemon
  5635 | D:8      | Noticed a komodo dragon
  5667 | D:8      | Killed a komodo dragon
  5670 | D:8      | Reached XP level 11. HP: 65/81 MP: 0/0
  5670 | D:8      | Learned a level 5 spell: Arcjolt
  5723 | D:8      | Reached skill level 5 in Dodging
  5737 | D:8      | Found a staircase to the Lair.
  6055 | D:8      | Reached ** piety under Makhleb
  6390 | D:9      | Reached skill level 5 in Shields
  6872 | D:9      | Noticed Maggie
  6884 | D:9      | Killed Maggie
  7015 | D:10     | Entered Level 10 of the Dungeon
  7030 | D:10     | Reached skill level 1 in Armour
  7228 | D:10     | Noticed Snorg
  7236 | D:10     | Killed Snorg
  7524 | D:10     | Reached *** piety under Makhleb
  7610 | D:10     | Reached XP level 12. HP: 83/86 MP: 0/0
  7955 | D:11     | Noticed a two-headed ogre
  8001 | D:11     | Killed a two-headed ogre
  8002 | D:11     | Reached skill level 5 in Armour
  8482 | D:11     | Noticed a two-headed ogre
  8489 | D:11     | Killed a two-headed ogre
  8716 | D:11     | Found a runed translucent door.
  8717 | D:11     | Noticed Stonecrops's ghost (journeyman FoFi)
  8959 | D:11     | Killed Stonecrops's ghost
  9286 | Lair:1   | Entered Level 1 of the Lair of Beasts
  9326 | Lair:1   | Reached skill level 1 in Invocations
  9398 | Lair:1   | Reached **** piety under Makhleb
  9489 | Lair:1   | Reached skill level 5 in Invocations
  9578 | Lair:1   | Found a shimmering altar of Xom.
  9630 | Lair:1   | Reached XP level 13. HP: 84/92 MP: 0/0
  9630 | Lair:1   | Learned a level 5 spell: Alistair's Intoxication
 10139 | Lair:1   | Reached skill level 1 in Evocations
 10299 | Lair:2   | You are sucked into a shaft and drop 1 floor!
 10311 | Lair:3   | Noticed a seven-headed hydra
 10316 | Lair:3   | Killed a seven-headed hydra
 10437 | Lair:2   | Noticed a seven-headed hydra
 10444 | Lair:2   | Killed a seven-headed hydra
 10593 | Lair:2   | Found a staircase to the Swamp.
 10687 | Lair:2   | Reached ***** piety under Makhleb
 10748 | Lair:2   | Reached skill level 5 in Evocations
 10754 | Lair:2   | Reached skill level 10 in Fighting
 11007 | Lair:2   | Found a hole to the Spider Nest.
 11908 | Lair:4   | Identified the +0 leather armour of the Blushing Gods
                  | {Will+}
 11989 | Lair:4   | Reached XP level 14. HP: 103/103 MP: 0/0
 12342 | Lair:4   | Noticed Nessos
 12388 | Lair:4   | Killed Nessos
 12723 | Lair:5   | Entered Level 5 of the Lair of Beasts
 12864 | Lair:5   | Found a staircase to the Slime Pits.
 12865 | Lair:5   | Found a viscous altar of Jiyva.
 12892 | Lair:5   | Found a dark tunnel.
 12900 | Volcano  | Entered a volcano
 12954 | Volcano  | Reached ****** piety under Makhleb
 13675 | Lair:5   | Reached XP level 15. HP: 113/115 MP: 0/0
 13675 | Lair:5   | Learned a level 6 spell: Bombard
 14139 | Lair:5   | Identified the staff of Webaupui {+Blink rN+ Earth}
 14492 | Lair:5   | Reached skill level 15 in Spellcasting
 14492 | Lair:5   | Reached skill level 15 in Conjurations
 14492 | Lair:5   | Reached skill level 15 in Hexes
 14492 | Lair:5   | Reached skill level 15 in Summonings
 14492 | Lair:5   | Reached skill level 15 in Necromancy
 14492 | Lair:5   | Reached skill level 15 in Translocations
 14492 | Lair:5   | Reached skill level 15 in Fire Magic
 14492 | Lair:5   | Reached skill level 15 in Ice Magic
 14492 | Lair:5   | Reached skill level 15 in Air Magic
 14492 | Lair:5   | Reached skill level 15 in Earth Magic
 14492 | Lair:5   | Reached skill level 15 in Alchemy
 15066 | D:12     | Found Resok's Antique Armour Shop.
 15073 | D:12     | Bought a pair of runed gloves for 172 gold pieces
 15207 | D:12     | Reached skill level 15 in Fighting
 15438 | D:12     | Found a frozen archway.
 15461 | IceCv    | Entered an ice cave
 15589 | IceCv    | Reached XP level 16. HP: 126/126 MP: 0/0
 15678 | IceCv    | Identified the +9 dagger of Precise Incision {drain, Str+2
                  | Dex+2 SInv}
 15830 | IceCv    | Found the +2 pair of slick slippers {slick, slippery, EV+4}
 16310 | D:12     | Found a staircase to the Orcish Mines.
 17675 | D:14     | Found a shimmering altar of Xom.
 18113 | D:14     | Reached XP level 17. HP: 134/134 MP: 0/0
 18113 | D:14     | Learned a level 7 spell: Monstrous Menagerie
 18305 | D:14     | Identified the +0 leather armour "Gewuc" {Harm rCorr Str+2
                  | Int-2}
 18425 | D:14     | Found a gate to the Vaults.
 18431 | D:14     | Identified the +4 kite shield of Indemnity {rPois Int+2}
 18671 | D:15     | Entered Level 15 of the Dungeon
 19262 | D:15     | Found a staircase to the Depths.
 19994 | Orc:1    | Entered Level 1 of the Orcish Mines
 20011 | Orc:1    | Noticed Nergalle
 20015 | Orc:1    | Killed Nergalle
 20609 | Orc:2    | Entered Level 2 of the Orcish Mines
 20887 | Orc:2    | Found a staircase to the Elven Halls.
 21208 | Orc:2    | Found Raush's Antique Armour Shoppe.
 21208 | Orc:2    | Found Eruvuo's Distillery.
 21208 | Orc:2    | Found Tiyba's Antique Armour Boutique.
 21211 | Orc:2    | Found Turogg's Jewellery Emporium.
 21215 | Orc:2    | Bought a glowing cloak for 217 gold pieces
 21227 | Orc:2    | Bought 2 potions of heal wounds for 170 gold pieces
 21227 | Orc:2    | Bought a potion of haste for 170 gold pieces
 21227 | Orc:2    | Bought a potion of brilliance for 68 gold pieces
 21234 | Orc:2    | Bought a runed helmet for 247 gold pieces
 21250 | Orc:2    | Bought a ring of see invisible for 210 gold pieces
 21292 | Orc:2    | Found Cieno's Self-Improvement Boutique.
 21330 | Orc:2    | Found a roughly hewn altar of Beogh.
 21523 | Orc:2    | Bought a pair of ancient gloves for 275 gold pieces
 21523 | Orc:2    | Identified the +3 pair of gloves "Zeoxkime" {Regen+} (You
                  | bought it in a shop on level 2 of the Orcish Mines)
 21809 | Spider:1 | Entered Level 1 of the Spider Nest
 21810 | Spider:1 | Upgraded the game from 0.32-a0-842-gbbb8fdbe59 to
                  | 0.32-a0-861-g165e151e72
 21982 | Spider:1 | Reached skill level 10 in Shields
 22227 | Spider:1 | Reached XP level 18. HP: 141/141 MP: 0/0
 22887 | Spider:2 | You are sucked into a shaft and drop 1 floor!
 23197 | Spider:2 | Identified the +4 scale mail of the Treeataur {rF+ Regen+}
 23485 | Spider:3 | Identified the serpent talisman "Izioneon" {+Blink Str+3}
 23485 | Spider:3 | Noticed Aizul
 23740 | Spider:3 | Killed Aizul
 23937 | Spider:3 | Reached XP level 19. HP: 144/147 MP: 0/0
 23937 | Spider:3 | Learned a level 6 spell: Plasma Beam
 24019 | Spider:4 | Entered Level 4 of the Spider Nest
 24637 | Spider:4 | Got a gossamer rune of Zot
 24840 | Swamp:1  | Entered Level 1 of the Swamp
 24853 | Swamp:1  | Found a transporter.
 24857 | Swamp:1  | Noticed Jopt's ghost (journeyman VSBe)
 24859 | Swamp:1  | Noticed Louise
 24867 | Swamp:1  | Killed Louise
 24876 | Swamp:1  | Noticed Donald
 24883 | Swamp:1  | Killed Donald
 24945 | Swamp:1  | Noticed Roxanne
 24953 | Swamp:1  | Found a one-way gate to the infinite horrors of the Abyss.
 25253 | Swamp:1  | Found a transporter.
 25475 | Swamp:1  | Killed Roxanne
 25611 | Swamp:2  | Noticed Nikola
 25620 | Swamp:2  | Killed Nikola
 25626 | Swamp:2  | Reached XP level 20. HP: 134/155 MP: 0/0
 26532 | Swamp:4  | Entered Level 4 of the Swamp
 26551 | Swamp:4  | Reached skill level 10 in Dodging
 27009 | Swamp:4  | Got a decaying rune of Zot
 27480 | Vaults:1 | Entered Level 1 of the Vaults
 27734 | Vaults:1 | Noticed Zenata
 27747 | Vaults:1 | Killed Zenata
 28147 | Vaults:1 | Identified the +8 flail of Koluwoun {pain, Will+}
 28943 | Vaults:2 | Noticed a tentacled monstrosity
 28952 | Vaults:2 | Killed a tentacled monstrosity
 28954 | Vaults:2 | Reached XP level 21. HP: 137/160 MP: 0/0
 28954 | Vaults:2 | Learned a level 8 spell: Ignition
 28991 | Vaults:2 | Reached skill level 15 in Shields
 29081 | Vaults:2 | Identified the +10 quarterstaff of Callousness {speed, rC+}
 29557 | Vaults:2 | Found a staircase to the Crypt.
 29866 | Vaults:3 | Found Guca's Magic Scroll Shop.
 29872 | Vaults:3 | Bought a scroll of blinking for 127 gold pieces
 29872 | Vaults:3 | Bought a scroll of blinking for 127 gold pieces
 29872 | Vaults:3 | Bought a scroll of enchant armour for 127 gold pieces
 30304 | Vaults:3 | Found Astron's Weapon Shop.
 30396 | Vaults:3 | Reached skill level 15 in Dodging
 30632 | Vaults:3 | Found Nuagues's Armour Boutique.
 30673 | Vaults:4 | Noticed Sojobo
 30681 | Vaults:4 | Killed Sojobo
 30715 | Vaults:4 | Reached XP level 22. HP: 146/166 MP: 0/0
 31831 | Elf:1    | Entered Level 1 of the Elven Halls
 31876 | Elf:1    | Noticed Kirke
 31888 | Elf:1    | Killed Kirke
 32437 | Elf:1    | Noticed Agnes
 32440 | Elf:1    | Killed Agnes
 32633 | Elf:1    | Noticed Norris
 32641 | Elf:1    | Killed Norris
 32784 | Elf:2    | Found Uvarghijea's Book Emporium.
 33138 | Elf:2    | Found a runed translucent gate.
 33139 | Elf:2    | Found a runed translucent gate.
 33139 | Elf:2    | Found a runed translucent gate.
 33495 | Elf:2    | Reached XP level 23. HP: 141/178 MP: 0/0
 33495 | Elf:2    | Learned a level 7 spell: Spellforged Servitor
 33849 | Elf:3    | Entered Level 3 of the Elven Halls
 34455 | Elf:3    | Found Zudienli's Antique Armour Shoppe.
 34465 | Elf:3    | Found Quraut's Distillery.
 34467 | Elf:3    | Found Wawuthaz's Antique Weapon Shoppe.
 34473 | Elf:3    | Bought a potion of mutation for 152 gold pieces
 34473 | Elf:3    | Bought 2 potions of haste for 380 gold pieces
 34473 | Elf:3    | Bought a potion of haste for 190 gold pieces
 34473 | Elf:3    | Bought a potion of invisibility for 152 gold pieces
 34473 | Elf:3    | Bought a potion of mutation for 152 gold pieces
 34473 | Elf:3    | Bought a potion of enlightenment for 95 gold pieces
 34473 | Elf:3    | Bought a potion of cancellation for 152 gold pieces
 34484 | Elf:3    | Paralysed by an air elemental for 1 turns
 34893 | Elf:3    | Identified the amulet "Efudafig" {Spirit Will+ Str+3}
 34998 | Elf:3    | Identified the +5 quarterstaff "Houthon" {vamp, Str+4
                  | Dex-4}
 34999 | Elf:3    | Identified the +2 leather armour of Compassion {rN+}
 35002 | Elf:3    | Identified the +9 flail "Tiulluk" {freeze, Int+4 Dex+2}
 35033 | Elf:3    | Identified the +8 spear of Hospitality {drain, rN++ Str-2}
 35086 | Elf:3    | Identified the staff of Bedazzled Tender Mercy {rF+ Int+2
                  | Dex-2 Summ Fire}
 35154 | Elf:3    | Identified the ring of Zoffaqia {Fly rElec}
 35160 | Elf:3    | Identified the ring "Vonantel" {Will+ Int+2}
 35172 | Elf:3    | Identified the staff "Laishyko" {rN++ Conj}
 35178 | Elf:3    | Identified the ring of the Coward {rPois rC+ Will+ AC+4
                  | Dex-3}
 35200 | Elf:3    | Identified the +0 cloak "Rupt" {rN+ Str+3}
 36271 | Depths:1 | Entered Level 1 of the Depths
 36273 | Depths:1 | Found a runed translucent gate.
 36273 | Depths:1 | Noticed a golden dragon
 36274 | Depths:1 | Found a runed translucent gate.
 36274 | Depths:1 | Noticed Xaosyiw's ghost (adept DECj)
 36280 | Depths:1 | Found a runed translucent gate.
 36346 | Depths:1 | Found an ornate altar of the Wu Jian Council.
 36512 | Depths:1 | Identified the +2 glaive of Goch {heavy, rElec rF++ Will+++
                  | Int-2}
 36559 | Depths:1 | Found Afunaluqirph's Antique Weapon Shop.
 36820 | Depths:1 | Found a gateway to Hell.
 37092 | Depths:1 | Found the +3 salamander hide armour {Flames, rFlCloud rF++
                  | rC--}
 37387 | Depths:2 | Found a one-way gate leading to the halls of Pandemonium.
 37609 | Depths:2 | Reached XP level 24. HP: 189/189 MP: 0/0
 37747 | Depths:2 | Noticed a caustic shrike
 37756 | Depths:2 | Killed a caustic shrike
 37838 | Depths:2 | Reached skill level 10 in Invocations
 37839 | Depths:2 | Noticed a golden dragon
 37842 | Depths:2 | Killed a golden dragon
 38405 | Depths:3 | Found Zylaom's Antique Weapon Shoppe.
 38516 | Depths:3 | Found an iron altar of Okawaru.
 38595 | Depths:3 | Found Qieschor's Book Boutique.
 38604 | Depths:3 | Noticed a golden dragon
 38609 | Depths:3 | Killed a golden dragon
 38617 | Depths:3 | Found Duuc's Antique Armour Emporium.
 38625 | Depths:3 | Bought a shiny helmet for 195 gold pieces
 39069 | Depths:4 | Entered Level 4 of the Depths
 39123 | Depths:4 | Reached XP level 25. HP: 149/194 MP: 0/0
 39123 | Depths:4 | Learned a level 9 spell: Shatter
 39153 | Depths:4 | Noticed a juggernaut
 39164 | Depths:4 | Killed a juggernaut
 39299 | Depths:4 | Noticed Mennas
 39303 | Depths:4 | Killed Mennas
 39569 | Depths:4 | Found a gate to the Realm of Zot.
 39609 | Depths:4 | Found a one-way gateway to a ziggurat.
 39979 | Vaults:5 | Entered Level 5 of the Vaults
 40011 | Vaults:5 | Reached XP level 26. HP: 202/202 MP: 0/0
 40182 | Vaults:5 | Identified the +8 spear of Gifacs {elec, ^Drain rN++ rCorr
                  | Dex+2}
 40231 | Vaults:5 | Got a silver rune of Zot
 40261 | Vaults:5 | Identified a scroll of acquirement
 40267 | Vaults:5 | Acquired a manual of Invocations
 40285 | Vaults:5 | Identified the +8 scimitar of Necromancer21's Peril
                  | {freeze, rF+ Dex+4}
 40734 | Vaults:5 | Identified the +7 fire dragon scales "Juall" {rF++ rC-
                  | Will+ Int+7}
 40823 | Vaults:5 | Identified the +0 chain mail of Fowkibb {MP+9 Dex+2 Slay+2}
 40962 | Vaults:5 | Identified the +11 shortbow of Wimoreon {flame, Fly rPois
                  | rF+++ Dex-2}
 41340 | Depths:1 | Killed Xaosyiw's ghost
 41415 | Hell     | Entered the Vestibule of Hell
 41415 | Hell     | Noticed Geryon
 41430 | Hell     | Killed Geryon
 41437 | Hell     | Noticed a dread lich
 41440 | Hell     | Killed a dread lich
 41445 | Hell     | Noticed Murray
 41445 | Hell     | Gained mutation: You sometimes lose your temper in combat.
                  | [mutagenic glow]
 41446 | Hell     | Killed Murray
 41542 | Hell     | Found a gateway to the decaying netherworld of Tartarus.
 41576 | Hell     | Found a gateway to the freezing wastes of Cocytus.
 41632 | Hell     | Found a gateway to the Iron City of Dis.
 41678 | Hell     | Found a gateway to the ashen valley of Gehenna.
 41966 | Zot:1    | Entered Level 1 of the Realm of Zot
 41980 | Zot:1    | Reached XP level 27. HP: 174/207 MP: 0/0
 41980 | Zot:1    | Learned a level 9 spell: Dragon's Call
 42179 | Zot:1    | Found a transporter.
 42185 | Zot:1    | Noticed koorschki's ghost (veteran DsWn)
 42186 | Zot:1    | Found a bloodstained altar of Trog.
 42186 | Zot:1    | Found a transporter.
 42186 | Zot:1    | Identified the +1 cloak of the Blind Marksman {Fly rPois
                  | SInv}
 42199 | Zot:1    | Identified the +0 cloak of the Pits of Slime {Dex+5 Slay-2}
 42354 | Zot:1    | HP: 8/207 [something/bolt of cold[a white draconian
                  | stormcaller] (43)]
 42532 | Zig:1    | Entered Level 1 of a ziggurat
 42541 | Zig:2    | Entered Level 2 of a ziggurat
 42560 | Zig:3    | Entered Level 3 of a ziggurat
 42573 | Zig:4    | Entered Level 4 of a ziggurat
 42598 | Zig:5    | Entered Level 5 of a ziggurat
 42620 | Zig:5    | Identified the +0 leather armour of Day {rCorr Str-3 Dex+4
                  | Stlth-}
 42623 | Zig:5    | Identified the +1 whip "Ukhleer" {pain, +Blink rN+ Str+4
                  | Stlth-}
 42629 | Zig:6    | Entered Level 6 of a ziggurat
 42646 | Zig:6    | Identified the +7 scimitar "Yciorhes" {venom, *Rage rElec
                  | rPois Str+2}
 42649 | Zig:6    | Identified the +2 chain mail of Cowardice {Rampage rN+
                  | Will- Str+4}
 42652 | Zig:7    | Entered Level 7 of a ziggurat
 42688 | Zig:7    | Identified the amulet of the Blind Eye {Acrobat +Inv rElec
                  | Dex+2}
 42691 | Zig:7    | Identified the ring "Dutt" {rPois rC+ rN+ Slay+4}
 42719 | Zig:8    | Entered Level 8 of a ziggurat
 42752 | Zig:8    | Identified the staff "Lirytrij" {MP+9 Conj}
 42755 | Zig:8    | Identified the ring "Loant" {Will+ AC+4 Stlth+}
 42772 | Zig:9    | Entered Level 9 of a ziggurat
 42803 | Zig:9    | Identified the staff "Teceopim" {rF+ Str+3 Dex+3 Summ Fire}
 42832 | Zig:10   | Entered Level 10 of a ziggurat
 42840 | Zig:10   | Noticed a dread lich
 42843 | Zig:10   | Killed a dread lich
 42858 | Zig:10   | Identified the +0 robe of Distant Shores {Will+ Str+8 Int-4
                  | Dex+2}
 42896 | Zig:11   | Entered Level 11 of a ziggurat
 42905 | Zig:11   | Gained mutation: You are frail. (-10% HP) [a cacodemon]
 43022 | Zig:12   | Entered Level 12 of a ziggurat
 43054 | Zig:12   | Identified the +5 sling "Leoniu" {freeze, Will+ Str+3
                  | Stlth+}
 43069 | Zig:12   | Identified the +4 falchion of Disgust {venom, rF+++ rC-
                  | Str+5 Dex-4}
 43072 | Zig:12   | Identified the +2 scimitar "Teghe" {freeze, rElec rN+ Int-2
                  | Dex+3}
 43110 | Zig:13   | Entered Level 13 of a ziggurat
 43143 | Zig:13   | Identified the +0 chain mail "Nunyuq" {Fly rF+ Stlth+}
 43153 | Zig:13   | Identified the +0 ring mail of Ozenufop {Will+ Slay+3
                  | Stlth+}
 43160 | Zig:13   | Identified the staff of Ikhlearuir {+Blink rC+ Ice}
 43207 | Zig:14   | Entered Level 14 of a ziggurat
 43261 | Zig:14   | Found the ring of the Tortoise {AC+8}
 43286 | Zig:14   | Identified the +10 orcbow of a Hundred Brambles {drain, rF+
                  | Will+}
 43289 | Zig:14   | Identified the ring of Lyuti {rN+ AC+4 Dex+4}
 43356 | Zig:15   | Entered Level 15 of a ziggurat
 43367 | Zig:15   | Gained mutation: Armour fits poorly on your strangely
                  | shaped body. [a neqoxec]
 43505 | Zig:15   | Found the sphere of Battle
 43510 | Zig:15   | Identified the amulet "Fonudoov" {Reflect rN+ Regen+ Str+2
                  | Slay-6 SH+5}
 43539 | Zig:15   | Identified the +8 great mace "Bung" {venom, +Blink rC- MP+9
                  | Dex+3}
 43540 | Zig:15   | Identified the +8 battleaxe "Jeme" {venom, rF+ rCorr}
 43605 | Zig:16   | Entered Level 16 of a ziggurat
 43616 | Zig:16   | Noticed a dread lich
 43618 | Zig:16   | Noticed an ancient lich
 43619 | Zig:16   | Killed a dread lich
 43621 | Zig:16   | Killed an ancient lich
 43622 | Zig:16   | Reached skill level 27 in Spellcasting
 43622 | Zig:16   | Reached skill level 27 in Conjurations
 43622 | Zig:16   | Reached skill level 27 in Hexes
 43622 | Zig:16   | Reached skill level 27 in Summonings
 43622 | Zig:16   | Reached skill level 27 in Necromancy
 43622 | Zig:16   | Reached skill level 27 in Translocations
 43622 | Zig:16   | Reached skill level 27 in Fire Magic
 43622 | Zig:16   | Reached skill level 27 in Ice Magic
 43622 | Zig:16   | Reached skill level 27 in Air Magic
 43622 | Zig:16   | Reached skill level 27 in Earth Magic
 43622 | Zig:16   | Reached skill level 27 in Alchemy
 43622 | Zig:16   | Noticed a dread lich
 43623 | Zig:16   | Killed a dread lich
 43653 | Zig:16   | Found the +7 great mace "Undeadhunter" {deathbane, rN+}
 43669 | Zig:16   | Identified the +1 halberd of Nizadwob {spect, Str+4}
 43678 | Zig:16   | Identified the staff of Wariness {rElec rF- Int+6 Earth}
 43680 | Zig:16   | Identified the amulet "Fois Gicw" {Harm +Inv rF- Regen+
                  | Dex+7}
 43684 | Zig:16   | Identified the +4 quarterstaff of Bread {freeze, ^Contam
                  | rPois Str+6 Stlth-}
 43765 | Zig:17   | Entered Level 17 of a ziggurat
 43888 | Zig:17   | Identified the +8 halberd of Conversion {heavy, rElec
                  | rPois}
 43939 | Zig:18   | Entered Level 18 of a ziggurat
 43958 | Zig:18   | Reached skill level 1 in Shapeshifting
 43997 | Zig:18   | Identified the staff "Feebruax" {rElec rC- rN+ Summ Air}
 44001 | Zig:18   | Identified the +2 spear of Annoyance {heavy, SInv}
 44005 | Zig:18   | Identified the staff "Fitwedass" {rC+ Str+4 Stlth+ Ice}
 44108 | Zig:19   | Entered Level 19 of a ziggurat
 44117 | Zig:19   | Noticed a royal mummy
 44117 | Zig:19   | Noticed a royal mummy
 44119 | Zig:19   | Killed a royal mummy
 44122 | Zig:19   | Killed a royal mummy
 44122 | Zig:19   | Noticed a royal mummy
 44124 | Zig:19   | Noticed a royal mummy
 44124 | Zig:19   | Noticed a royal mummy
 44125 | Zig:19   | Noticed a royal mummy
 44126 | Zig:19   | Killed a royal mummy
 44126 | Zig:19   | Noticed a royal mummy
 44127 | Zig:19   | Killed a royal mummy
 44127 | Zig:19   | Killed a royal mummy
 44127 | Zig:19   | Noticed a royal mummy
 44127 | Zig:19   | Noticed a royal mummy
 44128 | Zig:19   | Killed a royal mummy
 44129 | Zig:19   | Killed a royal mummy
 44129 | Zig:19   | Killed a royal mummy
 44129 | Zig:19   | Noticed a royal mummy
 44130 | Zig:19   | Killed a royal mummy
 44132 | Zig:19   | Killed a royal mummy
 44138 | Zig:19   | Reached skill level 5 in Shapeshifting
 44196 | Zig:19   | Identified the +11 mace of Gallantry {holy, rElec}
 44211 | Zig:19   | Identified the ring of Disaster {*Slow rC++ Will+ Int+4
                  | Dex+6}
 44212 | Zig:19   | Identified the +0 chain mail of the Enchanted Forest {-Tele
                  | Will++ Stlth+}
 44224 | Zig:19   | Identified the ring of Amav {Ice *Corrode Str+6 Int+3}
 44228 | Zig:19   | Identified the +1 robe of Hairiness {Fly rPois}
 44229 | Zig:19   | Identified the ring of Zofrovam {Fire Str+3}
 44327 | Zig:20   | Entered Level 20 of a ziggurat
 44341 | Zig:20   | Noticed an ancient lich
 44343 | Zig:20   | Killed an ancient lich
 44394 | Zig:20   | Identified the amulet "Omin" {Faith rF+ Str+4 Stlth+}
 44397 | Zig:20   | Identified the staff "Xeudgh" {rElec rN+ Summ Necro}
 44400 | Zig:20   | Identified the staff "Hydraslayer" {*Slow ^Fragile rPois
                  | rF+++ Tloc Alchemy}
 44401 | Zig:20   | Identified the ring "Nico" {Ice rElec Str-3 Dex-3 SInv}
 44408 | Zig:20   | Reached skill level 27 in Fighting
 44482 | Zig:21   | Entered Level 21 of a ziggurat
 44570 | Zig:21   | Identified the ring "Fotsiz" {rF+ Will+ Str+3 Slay+3}
 44679 | Zig:22   | Entered Level 22 of a ziggurat
 44818 | Zig:22   | Identified the +10 plate armour of the Feeding Gods {Fly
                  | rF+ Will+++ Stlth-}
 44912 | Zig:23   | Entered Level 23 of a ziggurat
 44938 | Zig:23   | Reached skill level 10 in Shapeshifting
 44985 | Zig:23   | Found the +7 Spriggan's Knife {stab, EV+4 Stlth+}
 44988 | Zig:23   | Found the +3 giant club "Skullcrusher" {speed, Str+7}
 44993 | Zig:23   | Identified the staff "Suheleemm" {rF+ Earth}
 45002 | Zig:23   | Identified the amulet of the Bedazzled Rambutan {Reflect
                  | rN+ Int-4 Slay+5 SH+5}
 45003 | Zig:23   | Identified the staff "Killer Klown's Bane" {*Corrode rElec
                  | rC+ Str+6 Stlth+ Air}
 45105 | Zig:24   | Entered Level 24 of a ziggurat
 45186 | Zig:24   | Identified the +1 glaive "Vubockif" {spect, rF+ Str+8 Int+4
                  | Stlth-}
 45207 | Zig:24   | Identified the +3 halberd of the Lonely Invaders {venom,
                  | rElec Dex+2}
 45210 | Zig:24   | Identified the +11 chain mail of Mirth {Regen+ Str+2}
 45213 | Zig:24   | Identified the +0 ring mail of the Valley of Death {+Blink
                  | Dex+5}
 45218 | Zig:24   | Identified the amulet of Impatience {Acrobat rElec Int-4
                  | Dex+5}
 45230 | Zig:24   | Identified the staff of Ravage {rC+ Int+5 Dex-4 SInv Ice}
 45326 | Zig:24   | Lost mutation: You are frail. (-10% HP) [potion of
                  | mutation]
 45326 | Zig:24   | Lost mutation: Armour fits poorly on your strangely shaped
                  | body. [potion of mutation]
 45326 | Zig:24   | Lost mutation: You sometimes lose your temper in combat.
                  | [potion of mutation]
 45326 | Zig:24   | Gained mutation: You expend health (3 HP) to strengthen
                  | your wands. [potion of mutation]
 45326 | Zig:24   | Gained mutation: You occasionally lose the ability to read
                  | scrolls when taking damage. [potion of mutation]
 45326 | Zig:24   | Gained mutation: You possess an exceptional clarity of
                  | mind. [potion of mutation]
 45326 | Zig:24   | Gained mutation: You have a pair of small horns on your
                  | head. [potion of mutation]
 45327 | Zig:24   | Lost mutation: You have a pair of small horns on your head.
                  | [potion of mutation]
 45327 | Zig:24   | Lost mutation: You possess an exceptional clarity of mind.
                  | [potion of mutation]
 45327 | Zig:24   | Lost mutation: You occasionally lose the ability to read
                  | scrolls when taking damage. [potion of mutation]
 45327 | Zig:24   | Gained mutation: You occasionally lose the ability to drink
                  | potions when taking damage. [potion of mutation]
 45328 | Zig:24   | Lost mutation: You occasionally lose the ability to drink
                  | potions when taking damage. [potion of mutation]
 45328 | Zig:24   | Lost mutation: You expend health (3 HP) to strengthen your
                  | wands. [potion of mutation]
 45328 | Zig:24   | Gained mutation: You are robust. (+10% HP) [potion of
                  | mutation]
 45342 | Zig:25   | Entered Level 25 of a ziggurat
 45370 | Zig:25   | Noticed an ancient lich
 45372 | Zig:25   | Killed an ancient lich
 45487 | Zig:25   | Found the +3 greatsling "Punk" {acid, rCorr}
 45488 | Zig:25   | Found the +9 sword of Power {lifebolt}
 45491 | Zig:25   | Identified the +7 longbow of Yredelemnul's Favour {elec,
                  | rElec Will- Dex+7 Stlth-}
 45492 | Zig:25   | Found the +7 great mace "Firestarter" {flame, immolate,
                  | rFlCloud rF++}
 45493 | Zig:25   | Identified the +11 falchion "Ohifokla" {speed, *Corrode
                  | Int+5 Dex+2 SInv}
 45496 | Zig:25   | Identified the +0 spear "Jelly's Foe" {protect, rPois}
 45497 | Zig:25   | Identified the +5 ring mail "Doixuf" {rElec rF+ Will++
                  | Dex+3}
 45512 | Zig:25   | Identified the +7 rapier of Tartarus {drain, rPois Will+
                  | rCorr Int+5}
 45520 | Zig:25   | Identified the +1 scale mail of an ossuary {rElec Will+
                  | Regen+}
 45621 | Zig:26   | Entered Level 26 of a ziggurat
 45647 | Zig:26   | Noticed a dread lich
 45649 | Zig:26   | Noticed an ancient lich
 45649 | Zig:26   | Noticed a dread lich
 45650 | Zig:26   | Killed a dread lich
 45650 | Zig:26   | Killed an ancient lich
 45651 | Zig:26   | Killed a dread lich
 45747 | Zig:26   | Found the +5 scythe "Finisher" {speed, execute}
 45754 | Zig:26   | Identified the ring "Diuxzaysch" {^Contam rPois rF+ rN+
                  | SInv}
 45763 | Zig:26   | Identified the +0 pair of gloves of Yfof {+Blink rN+ Regen+
                  | Int-2}
 45781 | Zig:26   | Identified the staff of Fedhas's Grace {rC+ MP+9 Ice}
 45782 | Zig:26   | Identified the +6 long sword of the New World {freeze,
                  | rCorr SInv}
 45871 | Zig:27   | Entered Level 27 of a ziggurat
 45886 | Zig:27   | Noticed a dread lich
 45887 | Zig:27   | Killed a dread lich
 45894 | Zig:27   | Reached skill level 15 in Shapeshifting
 46070 | Zig:27   | Found the +7 lajatang of Order {silver, rMut}
 46085 | Zig:27   | Identified the +2 leather armour of the Ward {Will- Regen+
                  | Str-4 Int+8}
 46086 | Zig:27   | Identified the +7 hand axe "Spider's Funeral" {holy, +Blink
                  | rElec rF+}
 46093 | Zig:27   | Identified the +9 eveningstar of Doom {freeze, rN+ Str+4
                  | Dex-3}
 46108 | Zig:27   | Identified the +0 plate armour of Luvus {Str+5}
 46118 | Zig:27   | Acquired 1164 gold pieces
 46276 | Zig:1    | Entered Level 1 of a ziggurat
 46325 | Zig:2    | Entered Level 2 of a ziggurat
 46345 | Zig:3    | Entered Level 3 of a ziggurat
 46368 | Zig:3    | Identified the +5 scimitar of Gloom {freeze, Dex+2}
 46371 | Zig:4    | Entered Level 4 of a ziggurat
 46406 | Zig:5    | Entered Level 5 of a ziggurat
 46435 | Zig:5    | Identified the +1 quarterstaff of the Ancients {elec,
                  | Dex+2}
 46454 | Zig:6    | Entered Level 6 of a ziggurat
 46459 | Zig:6    | Noticed a dread lich
 46459 | Zig:6    | Noticed a dread lich
 46459 | Zig:6    | Noticed an ancient lich
 46461 | Zig:6    | Killed a dread lich
 46461 | Zig:6    | Killed an ancient lich
 46461 | Zig:6    | Killed a dread lich
 46463 | Zig:6    | Noticed an ancient lich
 46465 | Zig:6    | Killed an ancient lich
 46485 | Zig:6    | Identified the +6 mace of the Forest {speed, Fly Str+8}
 46490 | Zig:7    | Entered Level 7 of a ziggurat
 46539 | Zig:8    | Entered Level 8 of a ziggurat
 46595 | Zig:9    | Entered Level 9 of a ziggurat
 46630 | Zig:9    | Found the +8 whip "Snakebite" {venom, curare, rPois}
 46638 | Zig:9    | Identified the ring of the Changing Coward {EV+5 Int+3}
 46640 | Zig:9    | Identified the amulet of Femex {Acrobat Str+4 Int-4}
 46664 | Zig:10   | Entered Level 10 of a ziggurat
 46732 | Zig:11   | Entered Level 11 of a ziggurat
 46742 | Zig:11   | Noticed a dread lich
 46744 | Zig:11   | Killed a dread lich
 46751 | Zig:11   | Noticed a dread lich
 46752 | Zig:11   | Killed a dread lich
 46753 | Zig:11   | Reached skill level 10 in Armour
 46756 | Zig:11   | Noticed a dread lich
 46758 | Zig:11   | Killed a dread lich
 46790 | Zig:11   | Identified the ring of the Healing Thickets {rF+ rC+ Will+
                  | Dex+3}
 46799 | Zig:11   | Identified the +1 orcbow "Ukhlule" {heavy, rC- Int+6}
 46817 | Zig:12   | Entered Level 12 of a ziggurat
 46826 | Zig:12   | Noticed an ancient lich
 46829 | Zig:12   | Killed an ancient lich
 46887 | Zig:12   | Identified the orb of the Sacrificial Victim {*Rage, -Tele
                  | Harm rPois Hexes}
 46916 | Zig:13   | Entered Level 13 of a ziggurat
 46927 | Zig:13   | Noticed an orb of fire
 46928 | Zig:13   | Noticed an orb of fire
 46931 | Zig:13   | Noticed an orb of fire
 46932 | Zig:13   | Noticed an orb of fire
 46933 | Zig:13   | Noticed an orb of fire
 46935 | Zig:13   | Killed an orb of fire
 46935 | Zig:13   | Killed an orb of fire
 46935 | Zig:13   | Gained mutation: You occasionally lose the ability to read
                  | scrolls when taking damage. [an orb of fire]
 46937 | Zig:13   | Killed an orb of fire
 46941 | Zig:13   | Gained mutation: You occasionally shout uncontrollably at
                  | your foes. [an orb of fire]
 46943 | Zig:13   | Killed an orb of fire
 46943 | Zig:13   | Killed an orb of fire
 46998 | Zig:13   | Identified the +5 chain mail of Usaotz {+Blink Str+2}
 47003 | Zig:13   | Identified the +4 dagger of the Lives {heavy, rPois rF-
                  | rCorr SInv}
 47007 | Zig:13   | Identified the +1 steam dragon scales "Zumnyr" {rPois Will-
                  | Regen+ rCorr}
 47049 | Zig:14   | Entered Level 14 of a ziggurat
 47060 | Zig:14   | Noticed a dread lich
 47062 | Zig:14   | Killed a dread lich
 47098 | Zig:14   | Identified the amulet of Irrepressible Laughter {^Drain
                  | Regen+ RegenMP+ Int+6}
 47102 | Zig:14   | Identified the staff of the First Seers {^Drain rPois rF+
                  | rCorr Hexes Fire}
 47109 | Zig:14   | Identified the +6 sling of Instinct {flame, Will+ Str+3}
 47111 | Zig:14   | Acquired a manual of Armour
 47125 | Zig:15   | Entered Level 15 of a ziggurat
 47207 | Zig:15   | Identified the staff of Hidoi {Air Earth}
 47210 | Zig:15   | Identified the +0 orcbow of Evolution {speed, rPois}
 47223 | Zig:16   | Entered Level 16 of a ziggurat
 47274 | Zig:16   | Identified the ring of Kal Kyurgh {rElec rCorr Int+6 Dex-5
                  | SInv}
 47277 | Zig:16   | Identified the ring of the Sunfish {rElec rF+ Will+}
 47289 | Zig:16   | Identified the amulet of Ussuedgh {Reflect rF+ SH+5}
 47296 | Zig:16   | Reached skill level 10 in Evocations
 47299 | Zig:16   | Acquired 1155 gold pieces
 47316 | Zig:17   | Entered Level 17 of a ziggurat
 47327 | Zig:17   | Noticed a shard shrike
 47329 | Zig:17   | Killed a shard shrike
 47338 | Zig:17   | Paralysed by a wendigo for 1 turns
 47392 | Zig:17   | Identified the +8 flail of Teatwyetz {protect, *Rage rCorr
                  | Int+6 SInv}
 47393 | Zig:17   | Identified the ring "Lac Fote" {rPois rN+ Int+2 Dex-5
                  | Stlth+}
 47398 | Zig:17   | Identified the staff of the Muttering Genius {rF- rN+ Str+3
                  | Stlth+ Necro Air}
 47427 | Zig:18   | Entered Level 18 of a ziggurat
 47438 | Zig:18   | Reached skill level 15 in Armour
 47486 | Zig:18   | Identified the staff of Feguoli {rN+ Int+4 Necro}
 47487 | Zig:18   | Identified the +3 flail of the Magi {antimagic, rF+ rN+
                  | Will-}
 47526 | Zig:19   | Entered Level 19 of a ziggurat
 47591 | Zig:19   | Identified the staff of the Desert {rC+ Str+3 Int+5 Ice}
 47595 | Zig:19   | Identified the +4 glaive "Koiq" {holy, Fly Will+}
 47597 | Zig:19   | Identified the +1 scimitar of the Vine {elec, *Rage Will++}
 47622 | Zig:20   | Entered Level 20 of a ziggurat
 47677 | Zig:20   | Identified the +4 shortbow "Sasarit" {heavy, MP+9 Str+2
                  | Dex+4}
 47678 | Zig:20   | Identified the staff "Eluompisa" {rC+ Int+2 Hexes Ice}
 47718 | Zig:20   | Identified the amulet "Lyliud" {Acrobat rC++}
 47750 | Zig:21   | Entered Level 21 of a ziggurat
 47812 | Zig:21   | Identified the +4 ring mail of Aghuo {rPois Int+4 Dex-2}
 47817 | Zig:21   | Identified the +0 glaive of Iseig {freeze, *Corrode +Blink
                  | rElec MP+9}
 47827 | Zig:21   | Identified the storm talisman of Inofuthrac {Str+2 Dex+3}
 47838 | Zig:21   | Identified the +1 morningstar "Mievasiow" {vamp, Int+4}
 47840 | Zig:21   | Identified the death talisman of the Treeataur {Dex+4}
 47841 | Zig:21   | Identified the staff of Extermination {rPois Str+4 Alchemy}
 47853 | Zig:22   | Entered Level 22 of a ziggurat
 47898 | Zig:22   | Noticed a dread lich
 47900 | Zig:22   | Killed a dread lich
 47964 | Zig:22   | Found the +9 sword of Zonguldrok {reap}
 47988 | Zig:22   | Identified the +6 shortbow of Mens Rea {freeze, rN+ Dex+4}
 47990 | Zig:22   | Identified the +5 hand axe of the Rat {freeze, rPois}
 47993 | Zig:22   | Identified the +8 great sword "Rusaca" {spect, Will++
                  | Int+3}
 47999 | Zig:22   | Identified the +6 chain mail of Summer {Harm rF+ Str+2
                  | Int-5}
 48000 | Zig:22   | Identified the +3 leather armour "Lerphuno" {+Inv rPois
                  | rC+}
 48032 | Zig:23   | Entered Level 23 of a ziggurat
 48044 | Zig:23   | Noticed a dread lich
 48045 | Zig:23   | Killed a dread lich
 48064 | Zig:23   | Noticed a dread lich
 48066 | Zig:23   | Killed a dread lich
 48140 | Zig:23   | Found the +9 staff of Olgreb {rPois∞}
 48158 | Zig:23   | Identified the +2 pair of gloves "Heam Nec" {*Slow Int+3
                  | Dex+4}
 48166 | Zig:23   | Reached skill level 15 in Evocations
 48170 | Zig:23   | Identified the ring of Equuh {rC+ MP+9 EV+5 Str+4 Int-3}
 48183 | Zig:23   | Identified the +0 great mace of Wiw Qawya {venom, rElec
                  | rN+}
 48184 | Zig:23   | Identified the staff "Fuobleij" {rC+ Str+4 Int+6 Fire Ice}
 48206 | Zig:24   | Entered Level 24 of a ziggurat
 48217 | Zig:24   | Reached skill level 27 in Dodging
 48224 | Zig:24   | Noticed an ancient lich
 48226 | Zig:24   | Killed an ancient lich
 48231 | Zig:24   | Noticed a dread lich
 48234 | Zig:24   | Reached skill level 27 in Shields
 48234 | Zig:24   | Killed a dread lich
 48309 | Zig:24   | Identified the +1 ring mail "Ketomm" {Rampage rElec Will-}
 48336 | Zig:24   | Identified the +0 leather armour "Becaag" {Harm rPois
                  | Regen+ Str+2}
 48387 | Zig:24   | Lost mutation: You are robust. (+10% HP) [potion of
                  | mutation]
 48387 | Zig:24   | Lost mutation: You occasionally lose the ability to read
                  | scrolls when taking damage. [potion of mutation]
 48387 | Zig:24   | Gained mutation: You have a pair of small horns on your
                  | head. [potion of mutation]
 48387 | Zig:24   | Gained mutation: You are frail. (-10% HP) [potion of
                  | mutation]
 48387 | Zig:24   | Gained mutation: You have a pair of horns on your head.
                  | [potion of mutation]
 48388 | Zig:24   | Lost mutation: You are frail. (-10% HP) [potion of
                  | mutation]
 48388 | Zig:24   | Lost mutation: You occasionally shout uncontrollably at
                  | your foes. [potion of mutation]
 48388 | Zig:24   | Lost mutation: You have a pair of horns on your head.
                  | [potion of mutation]
 48388 | Zig:24   | Gained mutation: You passively map a small area around you.
                  | [potion of mutation]
 48388 | Zig:24   | Gained mutation: You possess an exceptional clarity of
                  | mind. [potion of mutation]
 48405 | Zig:25   | Entered Level 25 of a ziggurat
 48502 | Zig:25   | Identified the staff of Strategic Superiority {rF+ SInv
                  | Conj}
 48505 | Zig:25   | Identified the ring of Uppel {Fly rN++ Dex+3 Slay+3 Stlth-}
 48526 | Zig:25   | Identified the ring of Zetueleo {rN++ AC+4}
 48531 | Zig:25   | Identified the +7 falchion of Forgiveness {freeze, Will+
                  | Str+5 Int-2}
 48532 | Zig:25   | Identified the +0 plate armour of the Vacuum {Fly SInv}
 48558 | Zig:26   | Entered Level 26 of a ziggurat
 48614 | Zig:26   | Noticed a shard shrike
 48620 | Zig:26   | Killed a shard shrike
 48787 | Zig:26   | Found the +1 eveningstar "Brilliance" {foul flame, Umbra}
 48794 | Zig:26   | Identified the ring of Kebep {^Contam rN++ Int+4 Dex+6}
 48827 | Zig:26   | Identified the +3 rapier of Doom {flame, rF+ Str+3 Int+2
                  | Stlth+}
 48837 | Zig:26   | Identified the amulet "Koronune" {Acrobat rElec rPois SInv}
 48862 | Zig:27   | Entered Level 27 of a ziggurat
 48969 | Zig:27   | Identified the +1 flail of the Asp {venom, *Noise rElec
                  | Int-3 Dex+5}
 48972 | Zig:27   | Identified the +0 orcbow of Ru's Benevolence {flame, rC+
                  | rCorr Int+3}
 48977 | Zig:27   | Identified the +0 robe "Bamipp" {*Corrode Int+2 Dex+3
                  | Slay+4}
 48993 | Zig:27   | Identified the +0 ring mail of the Guild-Master {rC+ Dex+2}
 48998 | Zig:27   | Identified the +3 scimitar "Useaw" {heavy, Str+3}
 49037 | Zig:27   | Lost mutation: You passively map a small area around you.
                  | [potion of mutation]
 49037 | Zig:27   | Lost mutation: You possess an exceptional clarity of mind.
                  | [potion of mutation]
 49037 | Zig:27   | Lost mutation: You have a pair of small horns on your head.
                  | [potion of mutation]
 49037 | Zig:27   | Gained mutation: Your movements are slightly less
                  | encumbered by armour. (ER -2) [potion of mutation]
 49037 | Zig:27   | Gained mutation: You have a somewhat thin skeletal
                  | structure. (Dex +2, Stealth+) [potion of mutation]
 49245 | Crypt:1  | Entered Level 1 of the Crypt
 49249 | Crypt:1  | Noticed Amauri's ghost (veteran OnAl)
 49272 | Crypt:1  | Killed Amauri's ghost
 49351 | Crypt:1  | Found a runed translucent door.
 49455 | Crypt:1  | You are sucked into a shaft and drop 1 floor!
 50546 | Crypt:3  | Entered Level 3 of the Crypt
 50899 | Crypt:3  | Found the ring of the Hare {EV+10}
 50935 | Crypt:3  | Reached skill level 27 in Evocations
 50949 | Crypt:3  | Got an ivory gem with 97 turns to spare
 50964 | Crypt:3  | Identified the ring of Poschiuf {MP+9 Dex+2}
 51132 | Crypt:3  | Found a basalt altar of Yredelemnul.
 51373 | Crypt:3  | Found a staircase to the Tomb.
 51588 | Crypt:3  | Identified the +1 battleaxe of Division {drain, rElec rF++}
 51589 | Crypt:3  | Identified the amulet "Pot Ovem" {Acrobat +Inv Regen+ Str-3
                  | Slay-5 Stlth+}
 51589 | Crypt:3  | Identified the ring "Guny" {rN+ Will++ Int+3 Dex+2 SInv}
 51589 | Crypt:3  | Identified the ring "Giliq" {^Drain rPois rF+ rC+ rN++}
 52080 | Tomb:1   | Entered Level 1 of the Tomb of the Ancients
 52083 | Tomb:1   | Noticed a royal mummy
 52083 | Tomb:1   | Noticed a royal mummy
 52085 | Tomb:1   | Killed a royal mummy
 52086 | Tomb:1   | Killed a royal mummy
 52100 | Tomb:1   | Noticed a royal mummy
 52102 | Tomb:1   | Noticed a royal mummy
 52103 | Tomb:1   | Killed a royal mummy
 52105 | Tomb:1   | Killed a royal mummy
 52108 | Tomb:1   | Noticed a royal mummy
 52111 | Tomb:1   | Killed a royal mummy
 52111 | Tomb:1   | Noticed a royal mummy
 52115 | Tomb:1   | Killed a royal mummy
 52115 | Tomb:1   | Noticed a royal mummy
 52117 | Tomb:1   | Killed a royal mummy
 52119 | Tomb:1   | Noticed a royal mummy
 52122 | Tomb:1   | Killed a royal mummy
 52122 | Tomb:1   | Noticed a royal mummy
 52124 | Tomb:1   | Killed a royal mummy
 52250 | Tomb:1   | Noticed a royal mummy
 52254 | Tomb:1   | Killed a royal mummy
 52257 | Tomb:1   | Noticed a royal mummy
 52258 | Tomb:1   | Noticed a royal mummy
 52259 | Tomb:1   | Killed a royal mummy
 52259 | Tomb:1   | Noticed a royal mummy
 52259 | Tomb:1   | Noticed a royal mummy
 52261 | Tomb:1   | Killed a royal mummy
 52262 | Tomb:1   | Killed a royal mummy
 52262 | Tomb:1   | Killed a royal mummy
 52354 | Tomb:1   | Noticed a royal mummy
 52359 | Tomb:1   | Killed a royal mummy
 52360 | Tomb:1   | Noticed a royal mummy
 52364 | Tomb:1   | Killed a royal mummy
 52416 | Tomb:1   | Noticed a royal mummy
 52421 | Tomb:1   | Killed a royal mummy
 52486 | Tomb:1   | Noticed a royal mummy
 52486 | Tomb:1   | Paralysed by a Zot trap for 5 turns
 52493 | Tomb:1   | Killed a royal mummy
 52594 | Tomb:1   | Noticed a royal mummy
 52596 | Tomb:1   | Killed a royal mummy
 52742 | Tomb:1   | Noticed a royal mummy
 52746 | Tomb:1   | Killed a royal mummy
 52746 | Tomb:1   | Noticed a royal mummy
 52746 | Tomb:1   | Noticed a royal mummy
 52747 | Tomb:1   | Noticed a royal mummy
 52748 | Tomb:1   | Killed a royal mummy
 52749 | Tomb:1   | Killed a royal mummy
 52750 | Tomb:1   | Killed a royal mummy
 52955 | Tomb:2   | Noticed a royal mummy
 52955 | Tomb:2   | Noticed a royal mummy
 52955 | Tomb:2   | Noticed a royal mummy
 52955 | Tomb:2   | Noticed a royal mummy
 52957 | Tomb:2   | Killed a royal mummy
 52957 | Tomb:2   | Killed a royal mummy
 52957 | Tomb:2   | Killed a royal mummy
 52958 | Tomb:2   | Killed a royal mummy
 53393 | Tomb:3   | Entered Level 3 of the Tomb of the Ancients
 53407 | Tomb:3   | Noticed a royal mummy
 53410 | Tomb:3   | Killed a royal mummy
 53411 | Tomb:3   | Noticed a royal mummy
 53415 | Tomb:3   | Killed a royal mummy
 53416 | Tomb:3   | Noticed a royal mummy
 53418 | Tomb:3   | Killed a royal mummy
 53420 | Tomb:3   | Noticed a royal mummy
 53421 | Tomb:3   | Identified the +4 robe of Truth {MP-9 Dex+3}
 53421 | Tomb:3   | Noticed Boris
 53422 | Tomb:3   | Noticed a royal mummy
 53423 | Tomb:3   | Killed a royal mummy
 53424 | Tomb:3   | Killed Boris
 53424 | Tomb:3   | Killed a royal mummy
 53424 | Tomb:3   | Noticed a royal mummy
 53426 | Tomb:3   | Killed a royal mummy
 53426 | Tomb:3   | Noticed a royal mummy
 53428 | Tomb:3   | Killed a royal mummy
 53429 | Tomb:3   | Reached skill level 27 in Armour
 53429 | Tomb:3   | Reached skill level 1 in Staves
 53432 | Tomb:3   | Noticed a royal mummy
 53434 | Tomb:3   | Killed a royal mummy
 53662 | Tomb:3   | Identified the +2 war axe "Torisel" {holy, rF+}
 53669 | Tomb:3   | Got a sanguine gem with 62 turns to spare
 53672 | Tomb:3   | Got a golden rune of Zot
 53714 | Tomb:3   | Found the amulet of the Four Winds {rN+ Will+++ Clar}
 53718 | Tomb:3   | Found the +0 pair of fencer's gloves {Riposte Dex+3}
 53766 | Tomb:3   | Identified the +0 trident "Qepread" {freeze, *Corrode rN+
                  | Will+ Int+3}
 53767 | Tomb:3   | Identified the +6 scimitar "Sebronoefif" {heavy, rElec
                  | rPois Int+4}
 53782 | Tomb:3   | Identified the staff of Floods {rN+ rCorr Int-3 Dex+7
                  | Necro}
 53784 | Tomb:3   | Identified the +8 hand axe of Zalyitie {flame, Int+6}
 53786 | Tomb:3   | Identified the +5 spear of Wiexoime {venom, rPois rN+}
 53788 | Tomb:3   | Identified the +0 ring mail "Qeacaoc" {Harm rElec rC+
                  | Int+2}
 53881 | Tomb:3   | Upgraded the game from 0.32-a0-861-g165e151e72 to
                  | 0.32-a0-870-g877066f4b4
 54421 | Slime:1  | Entered Level 1 of the Pits of Slime
 54723 | Slime:3  | Reached skill level 5 in Stealth
 54898 | Slime:5  | Entered Level 5 of the Pits of Slime
 54913 | Slime:5  | Noticed the Royal Jelly
 54917 | Slime:5  | Killed the Royal Jelly
 54931 | Slime:5  | Reached skill level 10 in Stealth
 55126 | Slime:5  | Identified the +0 plate armour of Sica {rElec rCorr}
 55155 | Slime:5  | Got a slimy rune of Zot
 55232 | Slime:5  | Identified the +0 triple sword "Ojoptaig" {vamp, rC+ rN+}
 55877 | Temple   | Fell from the grace of Makhleb
 55877 | Temple   | Became a worshipper of Gozag Ym Sagoz the Greedy
 56746 | Zig:1    | Entered Level 1 of a ziggurat
 56746 | Zig:1    | Noticed a juggernaut
 56749 | Zig:1    | Killed a juggernaut
 56780 | Zig:2    | Entered Level 2 of a ziggurat
 56833 | Zig:3    | Entered Level 3 of a ziggurat
 56904 | Zig:3    | Identified the ring "Zifew" {Fly Dex+5}
 56940 | Zig:4    | Entered Level 4 of a ziggurat
 56945 | Zig:4    | Reached skill level 10 in Throwing
 57014 | Zig:5    | Entered Level 5 of a ziggurat
 57102 | Zig:6    | Entered Level 6 of a ziggurat
 57184 | Zig:6    | Identified the ring "Nutsetwu" {Str+6 Dex+5 Stlth+}
 57204 | Zig:7    | Entered Level 7 of a ziggurat
 57364 | Zig:8    | Entered Level 8 of a ziggurat
 57366 | Zig:8    | Noticed a Killer Klown
 57368 | Zig:8    | Noticed a Killer Klown
 57369 | Zig:8    | Noticed a Killer Klown
 57369 | Zig:8    | Noticed Ippu Piegi the pandemonium lord
 57371 | Zig:8    | Killed a Killer Klown
 57371 | Zig:8    | Noticed a Killer Klown
 57372 | Zig:8    | Killed a Killer Klown
 57372 | Zig:8    | Killed a Killer Klown
 57372 | Zig:8    | Noticed Cigotalux the pandemonium lord
 57376 | Zig:8    | Killed a Killer Klown
 57376 | Zig:8    | Noticed Atookaunki the pandemonium lord
 57376 | Zig:8    | Noticed Doteaw the pandemonium lord
 57377 | Zig:8    | Noticed Ydduto the pandemonium lord
 57379 | Zig:8    | Killed Atookaunki the pandemonium lord
 57379 | Zig:8    | Killed Ydduto the pandemonium lord
 57380 | Zig:8    | Noticed a Killer Klown
 57381 | Zig:8    | Killed a Killer Klown
 57385 | Zig:8    | Killed Cigotalux the pandemonium lord
 57386 | Zig:8    | Killed Ippu Piegi the pandemonium lord
 57387 | Zig:8    | Reached skill level 15 in Throwing
 57388 | Zig:8    | Killed Doteaw the pandemonium lord
 57480 | Zig:8    | Identified the staff of Inconvenience {rF+ rC++ Will- Dex+3
                  | Conj}
 57494 | Zig:8    | Identified the +4 bardiche "Ijaumesm" {heavy, rElec rF++
                  | Dex-4}
 57504 | Zig:9    | Entered Level 9 of a ziggurat
 57505 | Zig:9    | Noticed a royal mummy
 57506 | Zig:9    | Noticed a royal mummy
 57507 | Zig:9    | Noticed a royal mummy
 57508 | Zig:9    | Killed a royal mummy
 57508 | Zig:9    | Killed a royal mummy
 57509 | Zig:9    | Noticed a royal mummy
 57510 | Zig:9    | Noticed a royal mummy
 57510 | Zig:9    | Noticed a royal mummy
 57511 | Zig:9    | Killed a royal mummy
 57511 | Zig:9    | Killed a royal mummy
 57512 | Zig:9    | Killed a royal mummy
 57512 | Zig:9    | Noticed a royal mummy
 57513 | Zig:9    | Killed a royal mummy
 57513 | Zig:9    | Noticed a royal mummy
 57515 | Zig:9    | Killed a royal mummy
 57515 | Zig:9    | Killed a royal mummy
 57515 | Zig:9    | Noticed a royal mummy
 57517 | Zig:9    | Noticed a royal mummy
 57518 | Zig:9    | Killed a royal mummy
 57520 | Zig:9    | Killed a royal mummy
 57561 | Zig:9    | Found the +11 plutonium sword {^Contam Stlth-}
 57612 | Zig:9    | Identified the +1 leather armour of the Nexus {Int+4
                  | Stlth+}
 57613 | Zig:9    | Identified the orb "Pimisu" {*Rage, rPois}
 57616 | Zig:9    | Identified the +1 orcbow of Eternal Vigilance {freeze,
                  | *Slow +Blink Str+3}
 57619 | Zig:9    | Identified the +9 falchion "Vakkiaga" {heavy, +Blink rN+}
 57624 | Zig:10   | Entered Level 10 of a ziggurat
 57625 | Zig:10   | Noticed a royal mummy
 57625 | Zig:10   | Noticed a royal mummy
 57627 | Zig:10   | Killed a royal mummy
 57628 | Zig:10   | Killed a royal mummy
 57629 | Zig:10   | Noticed a royal mummy
 57629 | Zig:10   | Noticed a royal mummy
 57629 | Zig:10   | Noticed a royal mummy
 57631 | Zig:10   | Killed a royal mummy
 57631 | Zig:10   | Noticed a royal mummy
 57632 | Zig:10   | Killed a royal mummy
 57632 | Zig:10   | Killed a royal mummy
 57636 | Zig:10   | Killed a royal mummy
 57636 | Zig:10   | Noticed a royal mummy
 57638 | Zig:10   | Killed a royal mummy
 57744 | Zig:10   | Identified the +10 crystal plate armour "Miqutzudd" {rN+}
 57745 | Zig:10   | Identified the +5 ring mail of Voculio {Will++}
 57754 | Zig:11   | Entered Level 11 of a ziggurat
 57757 | Zig:11   | Noticed an ancient lich
 57757 | Zig:11   | Noticed a dread lich
 57758 | Zig:11   | Noticed an ancient lich
 57759 | Zig:11   | Killed an ancient lich
 57760 | Zig:11   | Killed a dread lich
 57760 | Zig:11   | Killed an ancient lich
 57760 | Zig:11   | Noticed an ancient lich
 57761 | Zig:11   | Killed an ancient lich
 57765 | Zig:11   | Noticed a dread lich
 57767 | Zig:11   | Killed a dread lich
 57883 | Zig:11   | Identified the +6 trident of Esmoroaw {distort, Fly Str-2
                  | SInv Stlth+}
 57905 | Zig:11   | Identified the +7 war axe "Zybier" {heavy, Will- MP+9
                  | Dex+4}
 57908 | Zig:11   | Identified the +4 short sword "Memey" {heavy, ^Fragile rN+
                  | Dex+2}
 57927 | Zig:12   | Entered Level 12 of a ziggurat
 57977 | Zig:12   | Found the +6 Majin-Bo {spellvamp, MP+6 Int+6}
 58052 | Zig:12   | Identified the amulet of Toedwokh {rPois RegenMP+ Str-2
                  | SInv}
 58058 | Zig:12   | Identified the +1 pair of gloves of Insatiable Hunger {rN+
                  | Dex+4}
 58066 | Zig:12   | Identified the +1 ring mail of the Turtledove {Harm}
 58080 | Zig:12   | Identified the +2 scale mail of the Ten Priests {rF+ rN+}
 58137 | Zig:13   | Entered Level 13 of a ziggurat
 58238 | Zig:13   | Identified the +2 helmet "Uguorug" {Harm}
 58248 | Zig:13   | Identified the +7 short sword of Mandamus {elec, rC+ Str+3}
 58258 | Zig:14   | Entered Level 14 of a ziggurat
 58279 | Zig:14   | Noticed Ecoureki the pandemonium lord
 58282 | Zig:14   | Killed Ecoureki the pandemonium lord
 58403 | Zig:14   | Identified the +0 robe "Loojuh" {*Corrode Regen+ Int-5
                  | Dex+4}
 58404 | Zig:14   | Identified the ring "Ruuqibinytt" {Int+6 Dex+2}
 58410 | Zig:14   | Identified the orb "Rilaw" {guile, rElec rC+ Dex+3}
 58416 | Zig:14   | Identified the staff of Superiority {rElec rF+ Earth}
 58440 | Zig:15   | Entered Level 15 of a ziggurat
 58448 | Zig:15   | Paralysed by an air elemental for 1 turns
 58570 | Zig:15   | Identified the staff of the Hierophant {rElec Str+4 Air}
 58588 | Zig:16   | Entered Level 16 of a ziggurat
 58683 | Zig:16   | Identified the +4 leather armour of Wyfu {Regen+ Int+6}
 58695 | Zig:16   | Identified the staff of the Extremely Mad {rF+ Stlth+ Hexes
                  | Fire}
 58703 | Zig:16   | Identified the +9 falchion "Ziry" {drain, rC+ Int+3 Dex+2}
 58814 | Zig:17   | Entered Level 17 of a ziggurat
 58820 | Zig:17   | Reached skill level 27 in Throwing
 58909 | Zig:17   | Found the +8 arc blade {discharge, rElec}
 58943 | Zig:17   | Identified the staff "Corr" {Dex+2 Earth}
 58962 | Zig:18   | Entered Level 18 of a ziggurat
 58978 | Zig:18   | Reached skill level 27 in Shapeshifting
 58989 | Zig:18   | Reached skill level 15 in Stealth
 59082 | Zig:18   | Identified the +10 hand axe of Lut Huoc {flame, Str+4
                  | Int+3}
 59089 | Zig:18   | Identified the ring "Yczyoz" {rElec rC+ Will+}
 59114 | Zig:19   | Entered Level 19 of a ziggurat
 59256 | Zig:19   | Found the dreamshard necklace {Acrobat *Dream}
 59300 | Zig:19   | Identified the scarf of Abstinence {repulsion, rElec
                  | Regen+}
 59333 | Zig:20   | Entered Level 20 of a ziggurat
 59530 | Zig:20   | Identified the +1 scale mail of Happy Babbling {rF++ Str+4
                  | Int-2}
 59534 | Zig:20   | Acquired 601 gold pieces
 59538 | Zig:20   | Identified the ring of Hafuuhus {rCorr Slay+5 Stlth+}
 59548 | Zig:20   | Identified the +8 sling of Filunguk {drain, rC+ rN+++ Str-3
                  | Int+2}
 59577 | Zig:20   | Identified the ring "Mipn" {Will++ rCorr Int+6}
 59579 | Zig:20   | Identified the +0 war axe "Quhesm" {flame, +Blink Will+
                  | Stlth+}
 59595 | Zig:21   | Entered Level 21 of a ziggurat
 59628 | Zig:21   | Noticed a shard shrike
 59630 | Zig:21   | Noticed a shard shrike
 59635 | Zig:21   | Killed a shard shrike
 59636 | Zig:21   | Killed a shard shrike
 59640 | Zig:21   | Noticed a shard shrike
 59642 | Zig:21   | Killed a shard shrike
 59647 | Zig:21   | Noticed a shard shrike
 59650 | Zig:21   | Killed a shard shrike
 59669 | Zig:21   | Noticed an ancient lich
 59671 | Zig:21   | Killed an ancient lich
 59993 | Zig:21   | Found the +8 demon blade "Leech" {evervamp, Harm ^Drain
                  | rN+}
 60002 | Zig:21   | Identified the +9 battleaxe of Insufficient Pleasure
                  | {flame, rPois SInv}
 60029 | Zig:21   | Identified the +5 morningstar "Qiefoen" {elec, Will+ rCorr
                  | Stlth+}
 60047 | Zig:22   | Entered Level 22 of a ziggurat
 60058 | Zig:22   | Noticed a juggernaut
 60058 | Zig:22   | Noticed a juggernaut
 60059 | Zig:22   | Killed a juggernaut
 60059 | Zig:22   | Noticed a juggernaut
 60061 | Zig:22   | Killed a juggernaut
 60061 | Zig:22   | Noticed a juggernaut
 60062 | Zig:22   | Killed a juggernaut
 60062 | Zig:22   | Noticed a juggernaut
 60063 | Zig:22   | Killed a juggernaut
 60063 | Zig:22   | Noticed a juggernaut
 60064 | Zig:22   | Killed a juggernaut
 60064 | Zig:22   | Noticed a juggernaut
 60065 | Zig:22   | Noticed a juggernaut
 60065 | Zig:22   | Killed a juggernaut
 60065 | Zig:22   | Noticed a juggernaut
 60066 | Zig:22   | Killed a juggernaut
 60066 | Zig:22   | Killed a juggernaut
 60066 | Zig:22   | Noticed a juggernaut
 60068 | Zig:22   | Killed a juggernaut
 60068 | Zig:22   | Noticed a juggernaut
 60069 | Zig:22   | Reached skill level 27 in Stealth
 60070 | Zig:22   | Reached skill level 1 in Short Blades
 60070 | Zig:22   | Reached skill level 1 in Maces & Flails
 60070 | Zig:22   | Reached skill level 1 in Polearms
 60070 | Zig:22   | Killed a juggernaut
 60070 | Zig:22   | Killed a juggernaut
 60071 | Zig:22   | Reached skill level 1 in Long Blades
 60071 | Zig:22   | Reached skill level 1 in Axes
 60071 | Zig:22   | Reached skill level 1 in Ranged Weapons
 60071 | Zig:22   | Reached skill level 1 in Unarmed Combat
 60071 | Zig:22   | Noticed a juggernaut
 60071 | Zig:22   | Noticed a juggernaut
 60072 | Zig:22   | Noticed a juggernaut
 60072 | Zig:22   | Noticed a juggernaut
 60072 | Zig:22   | Noticed a juggernaut
 60073 | Zig:22   | Killed a juggernaut
 60073 | Zig:22   | Killed a juggernaut
 60073 | Zig:22   | Noticed a juggernaut
 60073 | Zig:22   | Noticed a juggernaut
 60074 | Zig:22   | Killed a juggernaut
 60074 | Zig:22   | Noticed a juggernaut
 60075 | Zig:22   | Killed a juggernaut
 60075 | Zig:22   | Killed a juggernaut
 60075 | Zig:22   | Killed a juggernaut
 60076 | Zig:22   | Killed a juggernaut
 60077 | Zig:22   | Killed a juggernaut
 60081 | Zig:22   | Reached skill level 5 in Staves
 60084 | Zig:22   | Reached skill level 5 in Short Blades
 60087 | Zig:22   | Noticed a juggernaut
 60088 | Zig:22   | Reached skill level 5 in Maces & Flails
 60088 | Zig:22   | Reached skill level 5 in Polearms
 60090 | Zig:22   | Killed a juggernaut
 60172 | Zig:22   | Found the +10 dark maul {heavy}
 60206 | Zig:22   | Found the +10 zealot's sword {holy, Zealotry, *Rage rN+
                  | EV+3}
 60216 | Zig:22   | Identified the +2 dagger "Iskitic" {freeze, rC+}
 60219 | Zig:22   | Identified the ring "Amavyj" {rCorr Int+3}
 60221 | Zig:22   | Identified the +0 chain mail of Annisovo {rPois rF+ Stlth+}
 60224 | Zig:22   | Identified the +10 orcbow "Goosylio" {drain, rElec Str+2}
 60238 | Zig:22   | Identified the ring of Ullexaamerch {rElec rF+ Str+3 SInv}
 60248 | Zig:23   | Entered Level 23 of a ziggurat
 60262 | Zig:23   | Reached skill level 5 in Unarmed Combat
 60268 | Zig:23   | Reached skill level 5 in Long Blades
 60276 | Zig:23   | Reached skill level 5 in Axes
 60276 | Zig:23   | Reached skill level 5 in Ranged Weapons
 60322 | Zig:23   | Found the +7 hand cannon "Mule" {flame, backblast, rF+}
 60332 | Zig:23   | Found the +3 pair of seven-league boots {Rampage+∞}
 60473 | Zig:23   | Was forgiven by Makhleb
 60519 | Zig:23   | Identified the ring "Noastaaw" {AC+4 Str+4 Int+3}
 60520 | Zig:23   | Identified the +4 lajatang "Engeceit" {spect, rC+ Int+5}
 60527 | Zig:23   | Identified the +4 falchion of Ypo Lopi {heavy, rPois}
 60533 | Zig:23   | Identified the +3 leather armour of Xohiocse {rC- Dex+9}
 60558 | Zig:24   | Entered Level 24 of a ziggurat
 60567 | Zig:24   | Noticed an ancient lich
 60569 | Zig:24   | Killed an ancient lich
 60577 | Zig:24   | Reached skill level 10 in Short Blades
 60588 | Zig:24   | Reached skill level 10 in Maces & Flails
 60588 | Zig:24   | Reached skill level 10 in Polearms
 60674 | Zig:24   | Found the brooch of Shielding {Spirit SH+8}
 60775 | Zig:24   | Identified the +1 crystal plate armour of Itecar {Rampage
                  | rC+++}
 60782 | Zig:24   | Identified the +7 quarterstaff "Dire" {venom, rN+ Str+3}
 60790 | Zig:24   | Identified the +4 short sword of Lies {speed, ^Contam Fly
                  | rCorr}
 60802 | Zig:24   | Identified the staff "Puedumun" {rElec Dex+3 Earth}
 60819 | Zig:25   | Entered Level 25 of a ziggurat
 60825 | Zig:25   | Noticed an ancient lich
 60825 | Zig:25   | Noticed an ancient lich
 60826 | Zig:25   | Noticed an ancient lich
 60826 | Zig:25   | Noticed an ancient lich
 60826 | Zig:25   | Noticed a dread lich
 60827 | Zig:25   | Killed an ancient lich
 60827 | Zig:25   | Killed an ancient lich
 60827 | Zig:25   | Killed an ancient lich
 60828 | Zig:25   | Killed an ancient lich
 60828 | Zig:25   | Killed a dread lich
 60829 | Zig:25   | Noticed an ancient lich
 60830 | Zig:25   | Killed an ancient lich
 60830 | Zig:25   | Noticed an ancient lich
 60830 | Zig:25   | Noticed a dread lich
 60830 | Zig:25   | Noticed a dread lich
 60832 | Zig:25   | Killed a dread lich
 60832 | Zig:25   | Killed an ancient lich
 60832 | Zig:25   | Killed a dread lich
 60832 | Zig:25   | Noticed an ancient lich
 60834 | Zig:25   | Killed an ancient lich
 60835 | Zig:25   | Noticed an ancient lich
 60835 | Zig:25   | Noticed a dread lich
 60836 | Zig:25   | Noticed a dread lich
 60837 | Zig:25   | Killed an ancient lich
 60837 | Zig:25   | Killed a dread lich
 60838 | Zig:25   | Reached skill level 10 in Unarmed Combat
 60840 | Zig:25   | Killed a dread lich
 60848 | Zig:25   | Noticed a dread lich
 60848 | Zig:25   | Noticed an ancient lich
 60848 | Zig:25   | Noticed an ancient lich
 60849 | Zig:25   | Killed an ancient lich
 60849 | Zig:25   | Killed an ancient lich
 60850 | Zig:25   | Killed a dread lich
 60851 | Zig:25   | Noticed an ancient lich
 60852 | Zig:25   | Noticed an ancient lich
 60853 | Zig:25   | Noticed a dread lich
 60854 | Zig:25   | Killed an ancient lich
 60854 | Zig:25   | Killed an ancient lich
 60854 | Zig:25   | Killed a dread lich
 60854 | Zig:25   | Noticed a dread lich
 60856 | Zig:25   | Killed a dread lich
 60856 | Zig:25   | Noticed an ancient lich
 60858 | Zig:25   | Reached skill level 10 in Long Blades
 60858 | Zig:25   | Killed an ancient lich
 60866 | Zig:25   | Noticed a dread lich
 60868 | Zig:25   | Killed a dread lich
 60875 | Zig:25   | Noticed a dread lich
 60877 | Zig:25   | Killed a dread lich
 60974 | Zig:25   | Found the +2 hood of the Assassin {Detect Stab+ Stlth++}
 60985 | Zig:25   | Identified the +7 falchion of Qihuts {vamp, rN+ Str+3}
 60988 | Zig:25   | Identified the +1 scimitar of Focus {flame, rElec rC+
                  | Str+3}
 60993 | Zig:25   | Identified the +1 shortbow of Indomitability {antimagic,
                  | rElec rN+ rCorr Dex-2}
 60995 | Zig:25   | Identified the ring "Aluvuedoal" {rC++ rN+ Str+3 Int+6
                  | Stlth-}
 60998 | Zig:25   | Identified the staff "Spiderbane" {rN+ Will++ Necro}
 61028 | Zig:25   | Identified the +2 scimitar of Fragile Peace {flame, Dex+3
                  | SInv}
 61085 | Zig:26   | Entered Level 26 of a ziggurat
 61089 | Zig:26   | Noticed a juggernaut
 61092 | Zig:26   | Killed a juggernaut
 61094 | Zig:26   | Noticed a juggernaut
 61094 | Zig:26   | Noticed a juggernaut
 61096 | Zig:26   | Killed a juggernaut
 61096 | Zig:26   | Killed a juggernaut
 61098 | Zig:26   | Noticed a juggernaut
 61102 | Zig:26   | Noticed a juggernaut
 61103 | Zig:26   | Killed a juggernaut
 61104 | Zig:26   | Noticed a juggernaut
 61105 | Zig:26   | Reached skill level 15 in Short Blades
 61105 | Zig:26   | Killed a juggernaut
 61105 | Zig:26   | Noticed a juggernaut
 61106 | Zig:26   | Reached skill level 10 in Axes
 61106 | Zig:26   | Reached skill level 10 in Ranged Weapons
 61107 | Zig:26   | Killed a juggernaut
 61107 | Zig:26   | Killed a juggernaut
 61107 | Zig:26   | Noticed a juggernaut
 61110 | Zig:26   | Noticed a juggernaut
 61112 | Zig:26   | Killed a juggernaut
 61114 | Zig:26   | Killed a juggernaut
 61115 | Zig:26   | Noticed a juggernaut
 61116 | Zig:26   | Noticed a juggernaut
 61118 | Zig:26   | Killed a juggernaut
 61118 | Zig:26   | Noticed a juggernaut
 61119 | Zig:26   | Killed a juggernaut
 61123 | Zig:26   | Killed a juggernaut
 61306 | Zig:26   | Found the +10 morningstar "Eos" {elec, Halo rElec}
 61310 | Zig:26   | Found the +6 arbalest "Damnation" {damnation}
 61363 | Zig:26   | Identified the staff of Res Ipsa Loquitur {^Contam rF+
                  | Dex+7 Fire}
 61372 | Zig:26   | Identified the +7 quarterstaff of Necromancer21's Woe
                  | {heavy, Str+6 Int-3 SInv}
 61385 | Zig:26   | Identified the +7 morningstar of Turch {speed, rCorr Dex+2}
 61386 | Zig:26   | Identified the +2 shortbow of Oozing Pus {antimagic, Str+3
                  | Dex-2}
 61396 | Zig:26   | Identified the staff of Chance {Fly Int+5 Earth}
 61409 | Zig:26   | Acquired 1067 gold pieces
 61458 | Zig:27   | Entered Level 27 of a ziggurat
 61477 | Zig:27   | Reached skill level 15 in Unarmed Combat
 61480 | Zig:27   | Reached skill level 15 in Polearms
 61801 | Zig:27   | Identified the +1 pair of gloves of Raire {*Corrode Regen+
                  | Int+4}
 61810 | Zig:27   | Identified the ring "Sublotiq" {Ice Will++}
 61822 | Zig:27   | Identified the +2 robe "Celleiq" {rC+ Dex+6 Slay-2}
 61928 | Zig:1    | Entered Level 1 of a ziggurat
 61949 | Zig:1    | Identified the +8 scimitar of the Flying Gods {vamp, Int+2
                  | SInv}
 61956 | Zig:2    | Entered Level 2 of a ziggurat
 61976 | Zig:2    | Identified the ring of Qami {Fire rPois Dex+2}
 62005 | Zig:3    | Entered Level 3 of a ziggurat
 62006 | Zig:3    | Noticed an ancient lich
 62007 | Zig:3    | Noticed an ancient lich
 62008 | Zig:3    | Killed an ancient lich
 62009 | Zig:3    | Killed an ancient lich
 62010 | Zig:3    | Noticed an ancient lich
 62013 | Zig:3    | Killed an ancient lich
 62034 | Zig:3    | Identified the +2 orcbow of Plog {freeze, Dex+4}
 62060 | Zig:4    | Entered Level 4 of a ziggurat
 62060 | Zig:4    | Noticed an ancient lich
 62062 | Zig:4    | Noticed a dread lich
 62063 | Zig:4    | Noticed a dread lich
 62064 | Zig:4    | Killed an ancient lich
 62064 | Zig:4    | Killed a dread lich
 62065 | Zig:4    | Killed a dread lich
 62095 | Zig:4    | Identified the +3 whip of Resourcefulness {vamp, *Rage
                  | rElec rF+ SInv}
 62097 | Zig:4    | Identified the staff of Slime {rElec rF+ rN+ Air}
 62123 | Zig:5    | Entered Level 5 of a ziggurat
 62125 | Zig:5    | Noticed Xuuborumy the pandemonium lord
 62125 | Zig:5    | Noticed a Killer Klown
 62125 | Zig:5    | Noticed a Killer Klown
 62125 | Zig:5    | Noticed Ziqovot the pandemonium lord
 62125 | Zig:5    | Noticed Qashaihu the pandemonium lord
 62126 | Zig:5    | Noticed Xoiss the pandemonium lord
 62126 | Zig:5    | Killed Ziqovot the pandemonium lord
 62126 | Zig:5    | Noticed a Killer Klown
 62126 | Zig:5    | Noticed Quggae Xionn the pandemonium lord
 62127 | Zig:5    | Killed a Killer Klown
 62127 | Zig:5    | Killed a Killer Klown
 62127 | Zig:5    | Killed Quggae Xionn the pandemonium lord
 62127 | Zig:5    | Noticed a Killer Klown
 62127 | Zig:5    | Noticed Hoelavus the pandemonium lord
 62128 | Zig:5    | Killed Xuuborumy the pandemonium lord
 62128 | Zig:5    | Killed Xoiss the pandemonium lord
 62128 | Zig:5    | Killed a Killer Klown
 62131 | Zig:5    | Killed Hoelavus the pandemonium lord
 62131 | Zig:5    | Killed a Killer Klown
 62131 | Zig:5    | Noticed a Killer Klown
 62131 | Zig:5    | Noticed a Killer Klown
 62132 | Zig:5    | Killed Qashaihu the pandemonium lord
 62134 | Zig:5    | Killed a Killer Klown
 62134 | Zig:5    | Killed a Killer Klown
 62162 | Zig:5    | Identified the +4 scimitar of Autumn {protect, Int+3}
 62194 | Zig:6    | Entered Level 6 of a ziggurat
 62293 | Zig:6    | Identified the +6 morningstar of Hecef {freeze, *Noise
                  | rCorr MP-9 Int+9}
 62303 | Zig:6    | Identified the ring "Rogguapt" {rC+ Will+ Str+3 Int+4}
 62320 | Zig:7    | Entered Level 7 of a ziggurat
 62329 | Zig:7    | Reached skill level 15 in Maces & Flails
 62337 | Zig:7    | Noticed Comed the pandemonium lord
 62348 | Zig:7    | Killed Comed the pandemonium lord
 62441 | Zig:7    | Identified the ring "Xutafu" {^Drain Int+3 Dex+6 SInv
                  | Stlth+}
 62458 | Zig:7    | Identified the staff "Concordance" {rElec Conj Hexes Air}
 62463 | Zig:8    | Entered Level 8 of a ziggurat
 62523 | Zig:8    | Identified the staff of Brawling {rElec Str+2 Conj}
 62570 | Zig:8    | Identified the +3 short sword "Djinni's Regret" {drain,
                  | rPois Will+}
 62598 | Zig:9    | Entered Level 9 of a ziggurat
 62664 | Zig:9    | Identified the staff "Xinuekka" {rElec Stlth- Necro Air
                  | Earth}
 62665 | Zig:9    | Identified the +0 scale mail of the Northern Lights {Str+2
                  | Slay+2}
 62666 | Zig:9    | Identified the +7 sling of the Four Knaves {freeze,
                  | ^Fragile Str+4 SInv}
 62671 | Zig:9    | Identified the +7 trident "Stringbean" {vamp, rCorr Str-3
                  | Int+4}
 62729 | Zig:10   | Entered Level 10 of a ziggurat
 62735 | Zig:10   | Noticed an ancient lich
 62736 | Zig:10   | Killed an ancient lich
 62737 | Zig:10   | Noticed a dread lich
 62738 | Zig:10   | Killed a dread lich
 62745 | Zig:10   | Reached skill level 15 in Long Blades
 62851 | Zig:10   | Identified the ring of Yxasuex {rElec rPois rCorr Str-3
                  | Dex+5}
 62854 | Zig:10   | Identified the +2 robe of Abstinence {rF- rC+ Regen+ Dex+7}
 62901 | Zig:11   | Entered Level 11 of a ziggurat
 62925 | Zig:11   | Noticed Niruxton the pandemonium lord
 62933 | Zig:11   | Killed Niruxton the pandemonium lord
 63041 | Zig:11   | Identified the staff "Olorain" {*Corrode +Blink rN+ Necro
                  | Tloc Fire}
 63043 | Zig:11   | Identified the staff of the Curious Knaves {rC+ Str-3 Int+6
                  | Ice}
 63047 | Zig:11   | Identified the +3 quarterstaff of Meliyhemo {drain, rF++
                  | Will+ Dex+4}
 63054 | Zig:11   | Identified the +7 broad axe "Vaket" {drain, rC++ Str-2}
 63066 | Zig:12   | Entered Level 12 of a ziggurat
 63070 | Zig:12   | Noticed Ivigo the pandemonium lord
 63072 | Zig:12   | Noticed Tuff the pandemonium lord
 63072 | Zig:12   | Noticed Eneum the pandemonium lord
 63073 | Zig:12   | Noticed Naomm the pandemonium lord
 63073 | Zig:12   | Noticed Cyfril the pandemonium lord
 63074 | Zig:12   | Noticed a Killer Klown
 63075 | Zig:12   | Noticed Etant the pandemonium lord
 63076 | Zig:12   | Killed Ivigo the pandemonium lord
 63076 | Zig:12   | Killed Naomm the pandemonium lord
 63076 | Zig:12   | Killed Cyfril the pandemonium lord
 63077 | Zig:12   | Killed a Killer Klown
 63077 | Zig:12   | Killed Etant the pandemonium lord
 63078 | Zig:12   | Killed Eneum the pandemonium lord
 63079 | Zig:12   | Noticed Gaxew the pandemonium lord
 63079 | Zig:12   | Noticed Tast the pandemonium lord
 63083 | Zig:12   | Noticed Kifypra the pandemonium lord
 63083 | Zig:12   | Noticed Ziaboxev the pandemonium lord
 63084 | Zig:12   | Noticed a Killer Klown
 63084 | Zig:12   | Killed Tuff the pandemonium lord
 63084 | Zig:12   | Noticed a Killer Klown
 63084 | Zig:12   | Noticed Asiluiw the pandemonium lord
 63085 | Zig:12   | Noticed Ruclen the pandemonium lord
 63086 | Zig:12   | Noticed Biwnalli the pandemonium lord
 63086 | Zig:12   | Noticed Sux Acvu the pandemonium lord
 63086 | Zig:12   | Noticed Leenar the pandemonium lord
 63086 | Zig:12   | Killed a Killer Klown
 63086 | Zig:12   | Killed Gaxew the pandemonium lord
 63086 | Zig:12   | Killed a Killer Klown
 63086 | Zig:12   | Killed Asiluiw the pandemonium lord
 63087 | Zig:12   | Killed Leenar the pandemonium lord
 63087 | Zig:12   | Noticed Sutioloq the pandemonium lord
 63088 | Zig:12   | Noticed Zehis the pandemonium lord
 63089 | Zig:12   | Killed Sutioloq the pandemonium lord
 63089 | Zig:12   | Noticed Garer the pandemonium lord
 63090 | Zig:12   | Killed Ruclen the pandemonium lord
 63092 | Zig:12   | Killed Garer the pandemonium lord
 63092 | Zig:12   | Killed Tast the pandemonium lord
 63092 | Zig:12   | Noticed a Killer Klown
 63092 | Zig:12   | Noticed Tuba the pandemonium lord
 63093 | Zig:12   | Killed Zehis the pandemonium lord
 63093 | Zig:12   | Noticed Caonucs the pandemonium lord
 63093 | Zig:12   | Noticed a Killer Klown
 63094 | Zig:12   | Killed Ziaboxev the pandemonium lord
 63094 | Zig:12   | Killed a Killer Klown
 63094 | Zig:12   | Noticed a Killer Klown
 63095 | Zig:12   | Killed Sux Acvu the pandemonium lord
 63095 | Zig:12   | Killed a Killer Klown
 63096 | Zig:12   | Killed Biwnalli the pandemonium lord
 63096 | Zig:12   | Killed a Killer Klown
 63096 | Zig:12   | Noticed Jydeesk the pandemonium lord
 63097 | Zig:12   | Killed Tuba the pandemonium lord
 63098 | Zig:12   | Killed Jydeesk the pandemonium lord
 63099 | Zig:12   | Noticed Virhex the pandemonium lord
 63100 | Zig:12   | Killed Kifypra the pandemonium lord
 63101 | Zig:12   | Killed Caonucs the pandemonium lord
 63101 | Zig:12   | Noticed Loorip the pandemonium lord
 63103 | Zig:12   | Noticed Ude Loorph the pandemonium lord
 63104 | Zig:12   | Killed Loorip the pandemonium lord
 63104 | Zig:12   | Noticed Imnor the pandemonium lord
 63105 | Zig:12   | Reached skill level 15 in Axes
 63105 | Zig:12   | Reached skill level 15 in Ranged Weapons
 63108 | Zig:12   | Killed Ude Loorph the pandemonium lord
 63109 | Zig:12   | Killed Virhex the pandemonium lord
 63111 | Zig:12   | Killed Imnor the pandemonium lord
 63210 | Zig:12   | Identified the +6 shortbow "Riustriann" {drain, Int+3}
 63233 | Zig:13   | Entered Level 13 of a ziggurat
 63351 | Zig:13   | Identified the +7 quick blade of Festooned Valour {protect,
                  | SInv}
 63388 | Zig:14   | Entered Level 14 of a ziggurat
 63585 | Zig:14   | Identified the +1 ring mail of the Planets {rElec}
 63586 | Zig:14   | Identified the +8 plate armour of Immorality {rPois}
 63592 | Zig:14   | Identified the staff of Gin and Tonic {rPois rCorr Dex+3
                  | Alchemy}
 63595 | Zig:14   | Identified the +3 chain mail of Gluttony {Str+2 Int+5 Dex-3
                  | Slay-3}
 63604 | Zig:14   | Identified the amulet "Xeepn" {Reflect rElec rC++ rN+ SH+5}
 63621 | Zig:15   | Entered Level 15 of a ziggurat
 63677 | Zig:15   | Found the +27 heavy crossbow "Sniper" {heavy, Acc+∞ SInv}
 63709 | Zig:15   | Identified the +6 long sword "Fison" {flame, *Rage Dex+8}
 63712 | Zig:15   | Identified the +1 rapier of the Threshing Seer {pain, rPois
                  | rCorr}
 63882 | Zig:15   | Identified the +8 quarterstaff of Proximity {holy, Int+6
                  | Dex-4}
 63892 | Zig:16   | Entered Level 16 of a ziggurat
 64120 | Zig:16   | Identified the ring "Ytib" {AC+4 Int+4}
 64135 | Zig:16   | Identified the staff "Fianok" {rC+ Str+5 Ice}
 64155 | Zig:17   | Entered Level 17 of a ziggurat
 64181 | Zig:17   | Found the amulet of the Air {Inacc Air Fly rElec RMsl}
 64220 | Zig:17   | Identified the +3 orcbow "Ickaggoucs" {flame, Will+ Str+3
                  | SInv}
 64225 | Zig:17   | Identified the +0 shortbow "Eweyrgh" {elec, rF+ Str+5
                  | Stlth+}
 64250 | Zig:17   | Identified the amulet "Tuci Utyv" {Reflect rN++ Int+3 Dex+2
                  | SH+5 Stlth+}
 64492 | Zig:18   | Entered Level 18 of a ziggurat
 64753 | Zig:18   | Identified the staff "Bupevo" {rElec Str+2 Int-4 Dex+3 Tloc
                  | Air}
 64767 | Zig:18   | Identified the +0 pair of boots of Jeotor {rC+}
 64781 | Zig:18   | Identified the staff of Resourcefulness {rPois Int+4
                  | Alchemy}
 64788 | Zig:18   | Identified the +7 war axe "Giurchowk" {flame, Str+4 Int+3
                  | SInv}
 64838 | Zig:19   | Entered Level 19 of a ziggurat
 64903 | Zig:19   | Identified the +7 whip of Evisceration {antimagic, Will+}
 64909 | Zig:19   | Identified the staff "Hutum" {rPois rN+ Necro Fire}
 65020 | Zig:19   | Identified the +0 shortbow of Tuirilupn {elec, rElec Int+2}
 65208 | Zig:20   | Entered Level 20 of a ziggurat
 65470 | Zig:20   | Identified the ring of Lesser Demons {rF+ Str+6 Int+2}
 65482 | Zig:20   | Identified the +8 hand axe of Powiweas {holy, rCorr Str+8
                  | Int+2 Stlth-}
 65489 | Zig:20   | Identified the +4 battleaxe of Cocytus {drain, rElec
                  | Stlth+}
 65491 | Zig:20   | Identified the +3 long sword "Embalmer" {holy, rPois Will+
                  | Dex+3}
 65559 | Zig:21   | Entered Level 21 of a ziggurat
 65857 | Zig:21   | Identified the staff of Patience {rN+ Will+ Int+3 Necro}
 65872 | Zig:21   | Identified the +3 whip "Muoconog" {heavy, rPois rC- Int+3
                  | Dex+3}
 65877 | Zig:21   | Identified the +0 gold dragon scales of Uskayaw's Scorn
                  | {rPois rF+ rC+ rCorr Str+3}
 65886 | Zig:21   | Identified the +11 shortbow of Infinity {freeze, rElec}
 65890 | Zig:21   | Identified the +6 lajatang "Yllaoho" {venom, rN++}
 65892 | Zig:21   | Identified the +6 trident "Pogolor" {flame, rC- rN+ rCorr
                  | Str+3}
 65919 | Zig:22   | Entered Level 22 of a ziggurat
 66183 | Zig:22   | Identified the +0 ring mail of Fuassiynk {*Slow rF+ rN+++}
 66203 | Zig:22   | Identified the +0 scale mail of Wasted Space {Harm rPois
                  | Str+2 Stlth+}
 66220 | Zig:22   | Identified the +8 halberd of Wuzaph {antimagic, Dex+2}
 66221 | Zig:22   | Identified the +0 fire dragon scales "Noles" {rF++ rC- MP-9
                  | Str+6 Dex+3}
 66230 | Zig:22   | Identified the staff "Cimeo" {rC+ rCorr Earth}
 66243 | Zig:23   | Entered Level 23 of a ziggurat
 66254 | Zig:23   | Noticed a dread lich
 66254 | Zig:23   | Noticed a dread lich
 66254 | Zig:23   | Noticed a dread lich
 66255 | Zig:23   | Killed a dread lich
 66255 | Zig:23   | Killed a dread lich
 66256 | Zig:23   | Killed a dread lich
 66256 | Zig:23   | Noticed an ancient lich
 66258 | Zig:23   | Killed an ancient lich
 66259 | Zig:23   | Noticed a dread lich
 66260 | Zig:23   | Killed a dread lich
 66263 | Zig:23   | Noticed a dread lich
 66265 | Zig:23   | Killed a dread lich
 66266 | Zig:23   | Noticed a dread lich
 66268 | Zig:23   | Killed a dread lich
 66269 | Zig:23   | Noticed a dread lich
 66269 | Zig:23   | Noticed a dread lich
 66270 | Zig:23   | Killed a dread lich
 66271 | Zig:23   | Killed a dread lich
 66271 | Zig:23   | Noticed an ancient lich
 66271 | Zig:23   | Noticed an ancient lich
 66272 | Zig:23   | Killed an ancient lich
 66273 | Zig:23   | Killed an ancient lich
 66278 | Zig:23   | Noticed an ancient lich
 66278 | Zig:23   | Noticed a dread lich
 66279 | Zig:23   | Killed a dread lich
 66280 | Zig:23   | Killed an ancient lich
 66280 | Zig:23   | Noticed an ancient lich
 66281 | Zig:23   | Noticed a dread lich
 66281 | Zig:23   | Noticed a dread lich
 66282 | Zig:23   | Killed an ancient lich
 66283 | Zig:23   | Killed a dread lich
 66283 | Zig:23   | Noticed an ancient lich
 66283 | Zig:23   | Noticed an ancient lich
 66283 | Zig:23   | Noticed an ancient lich
 66284 | Zig:23   | Killed an ancient lich
 66284 | Zig:23   | Killed a dread lich
 66284 | Zig:23   | Noticed an ancient lich
 66285 | Zig:23   | Killed an ancient lich
 66285 | Zig:23   | Killed an ancient lich
 66286 | Zig:23   | Killed an ancient lich
 66286 | Zig:23   | Noticed an ancient lich
 66287 | Zig:23   | Noticed a dread lich
 66289 | Zig:23   | Killed a dread lich
 66289 | Zig:23   | Killed an ancient lich
 66289 | Zig:23   | Noticed an ancient lich
 66290 | Zig:23   | Noticed a dread lich
 66290 | Zig:23   | Noticed a dread lich
 66290 | Zig:23   | Noticed a dread lich
 66291 | Zig:23   | Killed a dread lich
 66291 | Zig:23   | Killed an ancient lich
 66291 | Zig:23   | Killed a dread lich
 66292 | Zig:23   | Killed a dread lich
 66297 | Zig:23   | Noticed a dread lich
 66297 | Zig:23   | Noticed a dread lich
 66298 | Zig:23   | Noticed a dread lich
 66298 | Zig:23   | Noticed a dread lich
 66298 | Zig:23   | Noticed a dread lich
 66299 | Zig:23   | Noticed a dread lich
 66300 | Zig:23   | Noticed an ancient lich
 66302 | Zig:23   | Noticed a dread lich
 66303 | Zig:23   | Killed a dread lich
 66304 | Zig:23   | Killed an ancient lich
 66304 | Zig:23   | Killed a dread lich
 66304 | Zig:23   | Killed a dread lich
 66304 | Zig:23   | Killed a dread lich
 66304 | Zig:23   | Killed a dread lich
 66305 | Zig:23   | Killed a dread lich
 66305 | Zig:23   | Killed a dread lich
 66468 | Zig:23   | Identified the +6 plate armour of Apathy {Int+4}
 66487 | Zig:23   | Identified the staff "Plog" {rElec Int+2 SInv Air}
 66489 | Zig:23   | Identified the staff "Upteudan" {rPois Int-3 Dex+5 Alchemy}
 66490 | Zig:23   | Identified the +0 scale mail of Wibrusi {rN+ Regen+}
 66491 | Zig:23   | Identified the storm talisman of Cieluptusch {+Blink}
 66492 | Zig:23   | Identified the +7 quarterstaff of Forgiveness {venom,
                  | ^Fragile rF+ rCorr Str+3}
 66497 | Zig:23   | Identified the +9 hand axe "Impbane" {freeze, Fly rC+
                  | Str+3}
 66513 | Zig:23   | Identified the +2 long sword of Experimentation {drain,
                  | *Corrode rF++ rN+ SInv}
 66535 | Zig:24   | Entered Level 24 of a ziggurat
 66569 | Zig:24   | Reached skill level 27 in Unarmed Combat
 66828 | Zig:24   | Found the +3 robe of Clouds {*Thunder rCloud rElec}
 66896 | Zig:24   | Found the +8 pair of quick blades "Gyre" and "Gimble"
                  | {protect}
 66901 | Zig:24   | Identified the ring of Jalifiun {rPois MP+9}
 66903 | Zig:24   | Identified the ring "Mobenum" {rPois rC+}
 66912 | Zig:24   | Identified the +4 hand axe "Icitulu" {holy, Dex+5}
 66920 | Zig:24   | Identified the +11 orcbow "Tarepub" {flame, *Corrode rC++
                  | Str+5}
 66921 | Zig:24   | Identified the +7 quarterstaff "Qewop" {freeze, rF- MP+9
                  | SInv}
 66933 | Zig:24   | Identified the +0 great sword "Daprut" {flame, rCorr Int+5}
 66952 | Zig:25   | Entered Level 25 of a ziggurat
 66983 | Zig:25   | Reached skill level 27 in Short Blades
 67222 | Zig:25   | Identified the +8 shortbow "Danuorea" {flame, rElec Str+2
                  | Stlth+}
 67228 | Zig:25   | Identified the +8 long sword "Kef Itugikk" {flame, rN+}
 67248 | Zig:25   | Identified the ring of Lietaikk {Ice *Corrode Dex+4 Stlth+}
 67249 | Zig:25   | Identified the +5 quarterstaff of Slime {flame, *Noise
                  | Str-2 Dex+8}
 67254 | Zig:25   | Identified the +10 dagger "Tunkar" {protect, Int+3 Dex+4}
 67255 | Zig:25   | Identified the +6 scale mail of Action {^Contam +Inv Dex+7}
 67256 | Zig:25   | Identified the staff of Cianuc {Necro Earth}
 67257 | Zig:25   | Identified the +9 scimitar of Luilyf {drain, Stlth+}
 67274 | Zig:26   | Entered Level 26 of a ziggurat
 67291 | Zig:26   | Noticed a dread lich
 67293 | Zig:26   | Killed a dread lich
 67294 | Zig:26   | Noticed an ancient lich
 67295 | Zig:26   | Noticed a dread lich
 67296 | Zig:26   | Killed a dread lich
 67297 | Zig:26   | Killed an ancient lich
 67299 | Zig:26   | Noticed a dread lich
 67300 | Zig:26   | Noticed a dread lich
 67301 | Zig:26   | Killed a dread lich
 67302 | Zig:26   | Killed a dread lich
 67303 | Zig:26   | Noticed an ancient lich
 67304 | Zig:26   | Killed an ancient lich
 67304 | Zig:26   | Noticed an ancient lich
 67304 | Zig:26   | Noticed a dread lich
 67304 | Zig:26   | Noticed an ancient lich
 67305 | Zig:26   | Killed an ancient lich
 67307 | Zig:26   | Killed a dread lich
 67307 | Zig:26   | Noticed an ancient lich
 67307 | Zig:26   | Noticed a dread lich
 67308 | Zig:26   | Killed an ancient lich
 67308 | Zig:26   | Killed a dread lich
 67308 | Zig:26   | Noticed a dread lich
 67308 | Zig:26   | Noticed a dread lich
 67308 | Zig:26   | Noticed an ancient lich
 67309 | Zig:26   | Noticed an ancient lich
 67310 | Zig:26   | Killed an ancient lich
 67310 | Zig:26   | Killed an ancient lich
 67311 | Zig:26   | Killed a dread lich
 67311 | Zig:26   | Killed a dread lich
 67311 | Zig:26   | Killed an ancient lich
 67311 | Zig:26   | Noticed a dread lich
 67311 | Zig:26   | Noticed a dread lich
 67312 | Zig:26   | Killed a dread lich
 67313 | Zig:26   | Killed a dread lich
 67314 | Zig:26   | Noticed a dread lich
 67314 | Zig:26   | Noticed a dread lich
 67314 | Zig:26   | Noticed a dread lich
 67316 | Zig:26   | Killed a dread lich
 67316 | Zig:26   | Killed a dread lich
 67317 | Zig:26   | Killed a dread lich
 67318 | Zig:26   | Noticed a dread lich
 67318 | Zig:26   | Noticed a dread lich
 67320 | Zig:26   | Noticed a dread lich
 67320 | Zig:26   | Noticed a dread lich
 67320 | Zig:26   | Noticed a dread lich
 67321 | Zig:26   | Killed a dread lich
 67321 | Zig:26   | Killed a dread lich
 67321 | Zig:26   | Killed a dread lich
 67321 | Zig:26   | Noticed a dread lich
 67322 | Zig:26   | Killed a dread lich
 67322 | Zig:26   | Killed a dread lich
 67323 | Zig:26   | Killed a dread lich
 67324 | Zig:26   | Noticed a dread lich
 67326 | Zig:26   | Killed a dread lich
 67327 | Zig:26   | Noticed a dread lich
 67328 | Zig:26   | Killed a dread lich
 67329 | Zig:26   | Noticed a dread lich
 67330 | Zig:26   | Killed a dread lich
 67330 | Zig:26   | Noticed an ancient lich
 67331 | Zig:26   | Killed an ancient lich
 67333 | Zig:26   | Noticed a dread lich
 67333 | Zig:26   | Noticed a dread lich
 67333 | Zig:26   | Noticed an ancient lich
 67334 | Zig:26   | Killed a dread lich
 67334 | Zig:26   | Killed a dread lich
 67335 | Zig:26   | Killed an ancient lich
 67339 | Zig:26   | Noticed a dread lich
 67342 | Zig:26   | Killed a dread lich
 67552 | Zig:26   | Identified the +5 chain mail "Vaseczo" {MP-9 Int+3 Dex+6
                  | SInv}
 67563 | Zig:26   | Identified the ring "Cotsoim" {Ice rElec rCorr Dex+2}
 67580 | Zig:26   | Acquired 977 gold pieces
 67584 | Zig:26   | Identified the +0 pair of boots of the Mpinguari {-Cast
                  | rF+++ Regen+ Stlth-}
 67715 | Zig:27   | Entered Level 27 of a ziggurat
 67728 | Zig:27   | Noticed a dread lich
 67729 | Zig:27   | Killed a dread lich
 67730 | Zig:27   | Noticed an ancient lich
 67731 | Zig:27   | Killed an ancient lich
 67732 | Zig:27   | Noticed a dread lich
 67734 | Zig:27   | Killed a dread lich
 67736 | Zig:27   | Noticed an ancient lich
 67738 | Zig:27   | Killed an ancient lich
 67738 | Zig:27   | Noticed a dread lich
 67739 | Zig:27   | Killed a dread lich
 67740 | Zig:27   | Noticed a dread lich
 67741 | Zig:27   | Noticed an ancient lich
 67742 | Zig:27   | Killed a dread lich
 67743 | Zig:27   | Killed an ancient lich
 67747 | Zig:27   | Noticed a dread lich
 67748 | Zig:27   | Killed a dread lich
 67750 | Zig:27   | Noticed a dread lich
 67752 | Zig:27   | Killed a dread lich
 67752 | Zig:27   | Noticed a dread lich
 67753 | Zig:27   | Noticed a dread lich
 67753 | Zig:27   | Noticed a dread lich
 67754 | Zig:27   | Killed a dread lich
 67754 | Zig:27   | Killed a dread lich
 67755 | Zig:27   | Killed a dread lich
 67755 | Zig:27   | Noticed a dread lich
 67756 | Zig:27   | Noticed an ancient lich
 67757 | Zig:27   | Killed a dread lich
 67757 | Zig:27   | Killed an ancient lich
 67757 | Zig:27   | Noticed a dread lich
 67758 | Zig:27   | Killed a dread lich
 67759 | Zig:27   | Noticed a dread lich
 67760 | Zig:27   | Killed a dread lich
 67760 | Zig:27   | Noticed an ancient lich
 67762 | Zig:27   | Killed an ancient lich
 67762 | Zig:27   | Noticed an ancient lich
 67763 | Zig:27   | Noticed a dread lich
 67764 | Zig:27   | Killed an ancient lich
 67765 | Zig:27   | Killed a dread lich
 67766 | Zig:27   | Noticed a dread lich
 67767 | Zig:27   | Killed a dread lich
 67768 | Zig:27   | Noticed an ancient lich
 67768 | Zig:27   | Noticed a dread lich
 67769 | Zig:27   | Noticed a dread lich
 67769 | Zig:27   | Killed a dread lich
 67769 | Zig:27   | Noticed an ancient lich
 67770 | Zig:27   | Killed a dread lich
 67770 | Zig:27   | Killed an ancient lich
 67770 | Zig:27   | Noticed a dread lich
 67771 | Zig:27   | Killed an ancient lich
 67771 | Zig:27   | Noticed a dread lich
 67772 | Zig:27   | Reached skill level 27 in Long Blades
 67772 | Zig:27   | Killed a dread lich
 67772 | Zig:27   | Killed a dread lich
 67772 | Zig:27   | Noticed an ancient lich
 67772 | Zig:27   | Noticed a dread lich
 67773 | Zig:27   | Killed an ancient lich
 67773 | Zig:27   | Killed a dread lich
 67774 | Zig:27   | Noticed an ancient lich
 67774 | Zig:27   | Noticed an ancient lich
 67776 | Zig:27   | Killed an ancient lich
 67776 | Zig:27   | Noticed an ancient lich
 67777 | Zig:27   | Killed an ancient lich
 67777 | Zig:27   | Killed an ancient lich
 67777 | Zig:27   | Noticed an ancient lich
 67777 | Zig:27   | Noticed an ancient lich
 67778 | Zig:27   | Killed an ancient lich
 67778 | Zig:27   | Noticed an ancient lich
 67779 | Zig:27   | Killed an ancient lich
 67780 | Zig:27   | Killed an ancient lich
 67780 | Zig:27   | Noticed an ancient lich
 67781 | Zig:27   | Noticed a dread lich
 67783 | Zig:27   | Killed an ancient lich
 67783 | Zig:27   | Killed a dread lich
 67783 | Zig:27   | Noticed an ancient lich
 67785 | Zig:27   | Killed an ancient lich
 67786 | Zig:27   | Noticed a dread lich
 67787 | Zig:27   | Noticed a dread lich
 67787 | Zig:27   | Killed a dread lich
 67788 | Zig:27   | Killed a dread lich
 67788 | Zig:27   | Noticed an ancient lich
 67790 | Zig:27   | Killed an ancient lich
 67995 | Zig:27   | Identified the +1 steam dragon scales of the Serpent {rCorr
                  | Int+6 Dex-3 Stlth+}
 68003 | Zig:27   | Identified the staff of Rysestrukh {rF+ Int+4 Fire}
 68007 | Zig:27   | Identified the +0 robe of Gialits {rF+}
 68010 | Zig:27   | Identified the +7 rapier "Gedech" {flame, rCorr}
 68036 | Zig:27   | Identified the +5 dagger of Jigrasix {freeze, Dex+2}
 68169 | Depths:3 | Voluntarily entered the Abyss.
 68433 | Abyss:1  | Noticed a dread lich
 68512 | Abyss:1  | Killed a dread lich
 68671 | Abyss:1  | Found a corrupted altar of Lugonu.
 68913 | Abyss:2  | Found a corrupted altar of Lugonu.
 69098 | Abyss:5  | Reached skill level 27 in Polearms
 69104 | Abyss:5  | Got an abyssal rune of Zot
 69108 | Depths:3 | Escaped the Abyss
 69172 | Pan      | Entered Pandemonium
 69181 | Pan      | Found a corrupted altar of Lugonu.
 69245 | Pan      | Noticed Nogicic the pandemonium lord
 69257 | Pan      | Killed Nogicic the pandemonium lord
 69398 | Pan      | Identified the +8 morningstar "Munoguro" {heavy, Will+
                  | Str+3 Int+3 SInv}
 70065 | Pan      | Entered the realm of Gloorx Vloq.
 70196 | Pan      | Noticed Gloorx Vloq
 70205 | Pan      | Killed Gloorx Vloq
 70272 | Pan      | Got a dark rune of Zot
 70379 | Pan      | Found an exit through the horrors of the Abyss.
 70727 | Pan      | Noticed Janisucoa the pandemonium lord
 70732 | Pan      | Killed Janisucoa the pandemonium lord
 70804 | Pan      | Got a demonic rune of Zot
 70865 | Pan      | Entered the realm of Lom Lobon.
 70893 | Pan      | Noticed Lom Lobon
 70939 | Pan      | Got a magical rune of Zot
 70947 | Pan      | Killed Lom Lobon
 71052 | Pan      | Entered the realm of Mnoleg.
 71066 | Pan      | Noticed Mnoleg
 71072 | Pan      | Killed Mnoleg
 71119 | Pan      | Got a glowing rune of Zot
 71242 | Pan      | Entered the realm of Cerebov.
 71293 | Pan      | Reached skill level 27 in Maces & Flails
 71293 | Pan      | Identified the ring "Luvajif" {*Corrode rC+++ Str-5 Int+3
                  | Slay+4}
 71383 | Pan      | Found the +6 sword of Cerebov {flame}
 71383 | Pan      | Noticed Cerebov
 71413 | Pan      | Killed Cerebov
 71432 | Pan      | Got a fiery rune of Zot
 71516 | Depths:2 | Escaped Pandemonium
 71604 | Coc:1    | Entered Level 1 of Cocytus
 71681 | Coc:3    | Noticed a shard shrike
 71681 | Coc:3    | Noticed a shard shrike
 71681 | Coc:3    | Noticed a shard shrike
 71681 | Coc:3    | Noticed a shard shrike
 71682 | Coc:3    | Killed a shard shrike
 71682 | Coc:3    | Noticed a shard shrike
 71683 | Coc:3    | Killed a shard shrike
 71683 | Coc:3    | Noticed a shard shrike
 71684 | Coc:3    | Noticed a shard shrike
 71684 | Coc:3    | Noticed a shard shrike
 71685 | Coc:3    | Killed a shard shrike
 71686 | Coc:3    | Killed a shard shrike
 71687 | Coc:3    | Killed a shard shrike
 71688 | Coc:3    | Killed a shard shrike
 71695 | Coc:3    | Killed a shard shrike
 71704 | Coc:3    | Killed a shard shrike
 71896 | Coc:5    | Noticed a shard shrike
 71896 | Coc:5    | Noticed a shard shrike
 71897 | Coc:5    | Noticed a shard shrike
 71900 | Coc:5    | Killed a shard shrike
 71901 | Coc:5    | Killed a shard shrike
 71902 | Coc:5    | Killed a shard shrike
 71908 | Coc:5    | Reached skill level 27 in Axes
 71908 | Coc:5    | Reached skill level 27 in Ranged Weapons
 72078 | Coc:6    | Noticed a shard shrike
 72078 | Coc:6    | Noticed a shard shrike
 72079 | Coc:6    | Noticed a shard shrike
 72080 | Coc:6    | Killed a shard shrike
 72081 | Coc:6    | Reached skill level 15 in Invocations
 72081 | Coc:6    | Killed a shard shrike
 72083 | Coc:6    | Noticed a shard shrike
 72083 | Coc:6    | Killed a shard shrike
 72086 | Coc:6    | Killed a shard shrike
 72120 | Coc:7    | Entered Level 7 of Cocytus
 72121 | Coc:7    | Noticed a shard shrike
 72121 | Coc:7    | Noticed a shard shrike
 72121 | Coc:7    | Noticed a shard shrike
 72124 | Coc:7    | Killed a shard shrike
 72125 | Coc:7    | Killed a shard shrike
 72126 | Coc:7    | Noticed a shard shrike
 72130 | Coc:7    | Killed a shard shrike
 72133 | Coc:7    | Noticed a shard shrike
 72135 | Coc:7    | Killed a shard shrike
 72137 | Coc:7    | Killed a shard shrike
 72320 | Coc:7    | Noticed a shard shrike
 72326 | Coc:7    | Killed a shard shrike
 72346 | Coc:7    | Noticed a shard shrike
 72350 | Coc:7    | Killed a shard shrike
 72454 | Coc:7    | Noticed a shard shrike
 72462 | Coc:7    | Killed a shard shrike
 72504 | Coc:7    | Noticed a shard shrike
 72505 | Coc:7    | Noticed a shard shrike
 72507 | Coc:7    | Killed a shard shrike
 72507 | Coc:7    | Killed a shard shrike
 72510 | Coc:7    | Noticed a shard shrike
 72514 | Coc:7    | Killed a shard shrike
 72519 | Coc:7    | Noticed a shard shrike
 72523 | Coc:7    | Noticed Antaeus
 72529 | Coc:7    | Killed a shard shrike
 72532 | Coc:7    | Found the +2 Maxwell's thermic engine {flame, freeze, rev}
 72535 | Coc:7    | Killed Antaeus
 72548 | Coc:7    | Got an icy rune of Zot
 72614 | Tar:1    | Entered Level 1 of Tartarus
 72672 | Dis:1    | Entered Level 1 of the Iron City of Dis
 72933 | Dis:2    | Found a huge runed translucent gate.
 72934 | Dis:2    | Found a huge runed translucent gate.
 72934 | Dis:2    | Found a huge runed translucent gate.
 72934 | Dis:2    | Found a huge runed translucent gate.
 72935 | Dis:2    | Found a huge runed translucent gate.
 72976 | Dis:2    | Found a huge runed translucent gate.
 72985 | Dis:2    | Found a huge runed translucent gate.
 72987 | Dis:2    | Found a huge runed translucent gate.
 72990 | Dis:2    | Found a huge runed translucent gate.
 72991 | Dis:2    | Found a huge runed translucent gate.
 72994 | Dis:2    | Found a huge runed translucent gate.
 72995 | Dis:2    | Found a huge runed translucent gate.
 72996 | Dis:2    | Found a huge runed translucent gate.
 72998 | Dis:2    | Found a huge runed translucent gate.
 73000 | Dis:2    | Found a huge runed translucent gate.
 73002 | Dis:2    | Found a huge runed translucent gate.
 73004 | Dis:2    | Found a huge runed translucent gate.
 73006 | Dis:2    | Found a huge runed translucent gate.
 73010 | Dis:2    | Found a huge runed translucent gate.
 73027 | Dis:2    | Found a huge runed translucent gate.
 73027 | Dis:2    | Found a huge runed translucent gate.
 73027 | Dis:2    | Found a huge runed translucent gate.
 73028 | Dis:2    | Found a huge runed translucent gate.
 73028 | Dis:2    | Found a huge runed translucent gate.
 73028 | Dis:2    | Found a huge runed translucent gate.
 73028 | Dis:2    | Found a huge runed translucent gate.
 73028 | Dis:2    | Found a huge runed translucent gate.
 73035 | Dis:2    | Found a huge runed translucent gate.
 73035 | Dis:2    | Found a huge runed translucent gate.
 73035 | Dis:2    | Found a huge runed translucent gate.
 73036 | Dis:2    | Found a huge runed translucent gate.
 73036 | Dis:2    | Found a huge runed translucent gate.
 73036 | Dis:2    | Found a huge runed translucent gate.
 73036 | Dis:2    | Found a huge runed translucent gate.
 73036 | Dis:2    | Found a huge runed translucent gate.
 73036 | Dis:2    | Found a huge runed translucent gate.
 73415 | Dis:5    | Noticed a juggernaut
 73418 | Dis:5    | Killed a juggernaut
 73418 | Dis:5    | Noticed a dread lich
 73420 | Dis:5    | Killed a dread lich
 73422 | Dis:5    | Noticed a dread lich
 73427 | Dis:6    | Noticed a dread lich
 73428 | Dis:6    | Killed a dread lich
 73489 | Dis:7    | Entered Level 7 of the Iron City of Dis
 73572 | Dis:7    | Noticed Dispater
 73590 | Dis:7    | Killed Dispater
 73644 | Dis:7    | Identified the ring "Cagoy" {Will++ Dex+6}
 73650 | Dis:7    | Got an iron rune of Zot
 73746 | Geh:1    | Entered Level 1 of Gehenna
 73845 | Geh:3    | Reached skill level 27 in Invocations
 73872 | Geh:3    | Reached skill level 10 in Staves
 74136 | Geh:7    | Entered Level 7 of Gehenna
 74176 | Geh:7    | Found the +13 sceptre of Asmodeus
 74176 | Geh:7    | Noticed Asmodeus
 74192 | Geh:7    | Killed Asmodeus
 74207 | Geh:7    | Got an obsidian rune of Zot
 74215 | Geh:7    | Reached skill level 15 in Staves
 74948 | Tar:7    | Entered Level 7 of Tartarus
 75083 | Tar:7    | Noticed an ancient lich
 75085 | Tar:7    | Killed an ancient lich
 75123 | Tar:7    | Noticed an ancient lich
 75124 | Tar:7    | Killed an ancient lich
 75185 | Tar:7    | Noticed the Serpent of Hell
 75216 | Tar:7    | Killed the Serpent of Hell
 75335 | Tar:7    | Noticed Ereshkigal
 75357 | Tar:7    | Killed Ereshkigal
 75410 | Tar:7    | Got a bone rune of Zot
 75685 | Zot:4    | Noticed an orb of fire
 75692 | Zot:4    | Noticed an orb of fire
 75696 | Zot:4    | Killed an orb of fire
 75797 | Zot:4    | Killed an orb of fire
 75827 | Zot:5    | Entered Level 5 of the Realm of Zot
 75939 | Zot:5    | Got a prismatic gem with 151 turns to spare
 75978 | Zot:5    | Noticed an orb of fire
 75988 | Zot:5    | Killed an orb of fire
 76024 | Zot:5    | Noticed a Killer Klown
 76026 | Zot:5    | Noticed an orb of fire
 76029 | Zot:5    | Noticed a Killer Klown
 76031 | Zot:5    | Killed a Killer Klown
 76032 | Zot:5    | Killed a Killer Klown
 76032 | Zot:5    | Noticed a Killer Klown
 76034 | Zot:5    | Killed a Killer Klown
 76035 | Zot:5    | Killed an orb of fire
 76087 | Zot:5    | Noticed an orb of fire
 76087 | Zot:5    | Noticed a Killer Klown
 76091 | Zot:5    | Noticed a Killer Klown
 76092 | Zot:5    | Killed a Killer Klown
 76106 | Zot:5    | Noticed an ancient lich
 76115 | Zot:5    | Killed a Killer Klown
 76117 | Zot:5    | Killed an orb of fire
 76123 | Zot:5    | Killed an ancient lich
 76131 | Zot:5    | Noticed a Killer Klown
 76134 | Zot:5    | Noticed a Killer Klown
 76135 | Zot:5    | Noticed an orb of fire
 76136 | Zot:5    | Killed a Killer Klown
 76137 | Zot:5    | Killed a Killer Klown
 76140 | Zot:5    | Noticed a Killer Klown
 76147 | Zot:5    | Killed a Killer Klown
 76151 | Zot:5    | Killed an orb of fire
 76158 | Zot:5    | Noticed an ancient lich
 76161 | Zot:5    | Killed an ancient lich
 76172 | Zot:5    | Got the Orb of Zot
 76743 | D:5      | Noticed Pebul the pandemonium lord
 76790 | D:3      | Noticed Jomeyg the pandemonium lord
 76801 | D:3      | Killed Jomeyg the pandemonium lord
 76926 | D:$      | Escaped with the Orb!

Illustrated notes

Levels and vault maps discovered:
D:1:      scummos_arrival_simple_fountains, layout_rooms, nicolae_titane
D:2:      layout_basic, basic_altar, grunt_ministairs_14
D:3:      layout_loops_ring, chequers_arboretum
D:4:      layout_basic, overflow_temple_1_default, kennysheep_mini
D:5:      layout_loops_corners, uniq_duvessa, uniq_sigmund, uniq_pikel,
          uniq_prince_ribbit1
D:6:      layout_cave_pools, temple_statues
D:7:      layout_rooms, led_sif_pool, serial_glass, glass_columns_b,
          glass_columns_b
D:8:      layout_basic, mainiacjoe_overflow_small_starburst,
          lemuel_crystal_altar, nicolae_ru_awakened_eye, erik_lair_dragon,
          uniq_amaemon
D:9:      layout_loops_ring, chequers_serial_rivers_large_b,
          nicolae_neqoxec_dot_bat, uniq_maggie
D:10:     layout_stronghold, serial_library_regret_index_double_sided,
          uniq_snorg
D:11:     layout_irregular_city, ebering_ghost_inner_flame, serial_bayou_ford_a
D:12:     layout_loops_ring, kennysheep_orc_monster_closet_entryway,
          portal_ice_cave_demonic_guard, serial_shops, nicolae_shop_trees
D:13:     minmay_opposing_rooms, layout_irregular_city
D:14:     kennysheep_six_static_rooms, layout_cave_pools,
          ximxim_vaults_locker_room, roderic_lattice_a, serial_demonic,
          serial_demonic_g, serial_demonic_a, serial_demonic_c,
          serial_demonic_a, led_xom_imps
D:15:     hangedman_depths_entry_civil_slaughter, layout_stronghold,
          roderic_serpentine_path
Temple:   nicolae_temple_x_marks_the_god
Lair:1:   layout_roguey, basic_altar, infiniplex_staircase_pool,
          serial_bayou_shore_b
Lair:2:   regret_index_combs_of_tragedy, layout_concentric_octagons,
          mainiacjoe_swamp_entry_lozenge_pond, nicolae_spider_entry_tight_spaces
Lair:3:   layout_cave_shapes, minivault_25, serial_bayou_crossing,
          infiniplex_staircase_pool_2
Lair:4:   layout_loops_ring, uniq_nessos
Lair:5:   evilmike_catoblepas_cave, layout_gridlike, slime_entry_1, special_room
          [special_room_bee], nicolae_volcano_entry_batcave,
          hangedman_lair_unloving_vines, serial_bayou_shore_b
Swamp:1:  layout_basic_swamp, gammafunk_ghost_abyssal_escape,
          nicolae_swamp_some_circles, swamp_pool_1_2, uniq_roxanne, uniq_louise,
          uniq_donald
Swamp:2:  layout_basic_swamp, evilmike_swamp_ruin_house_3, swamp_pool_5,
          uniq_nikola
Swamp:3:  layout_falls_marsh, evilmike_swamp_ruin_house_5,
          nicolae_swamp_decorative_isthmus
Swamp:4:  swamp, layout_basic_swamp
Spider:1: layout_spider_delve
Spider:2: spiders_nest_a, drop_trap, guppyfry_hornet_nest
Spider:3: layout_spider_delve, nicolae_spider_nook, uniq_aizul
Spider:4: spider_rune_water
Slime:1:  layout_caves
Slime:2:  layout_caves
Slime:3:  layout_caves
Slime:4:  layout_caves
Slime:5:  slime_pit_nicolae_amoeboid
Orc:1:    layout_diamond_mine, uniq_nergalle
Orc:2:    st_orc_rangers, layout_caves, basic_altar, nicolae_shop_self_help
Elf:1:    elf_arrival_001, layout_gridlike, minmay_elf_necromancy,
          minmay_elf_sorcery, grunt_megastairs_5, uniq_agnes, uniq_kirke,
          uniq_norris
Elf:2:    nicolae_elf_blades_crystal_corner, layout_gridlike, serial_shops,
          shop, amcnicky_mini_rare_corridor_liquid, lemuel_upstairs_altar
Elf:3:    minmay_elf_hall, layout_onion_city, hex_large, minmay_shop_star
Vaults:1: ontoclasm_vaults_misaligned, nicolae_vaults_network_periphery,
          nicolae_vaults_little_squares_4, nicolae_vaults_theta, v_misc_19,
          v_misc_3, layout_vaults_quadrants, uniq_zenata
Vaults:2: nicolae_vaults_weapon_check, st_more_cells,
          nicolae_vaults_double_plus_1, nicolae_vaults_rhombus_6, v_misc_18,
          nicolae_vaults_tangram_2, nicolae_vaults_frosty_reception,
          nicolae_vaults_network_quincunx
          [nicolae_vaults_network_quincunx_subvault,
          nicolae_vaults_network_quincunx_subvault,
          nicolae_vaults_network_quincunx_subvault,
          nicolae_vaults_network_quincunx_subvault,
          nicolae_vaults_network_quincunx_subvault], v_misc_29,
          vaults_room_grid, nicolae_vaults_little_squares_3,
          nicolae_vaults_diamond_1, layout_vaults_omnicross
Vaults:3: v_misc_28, vaults_mumra_hex, hangedman_vaults_trim, v_misc_9,
          nicolae_vaults_trapezoid_2, hangedman_vaults_restitches,
          nicolae_vaults_heart-shaped_vault, nicolae_vaults_tetromino_T_1,
          nicolae_vaults_little_squares_3, special_room_vaults
          [special_room_orc], nicolae_vaults_tetromino_T_1,
          nicolae_vaults_trapezoid_lopsided_1, layout_vaults_ring, serial_shops,
          shop, shop, shop
Vaults:4: v_pattern_4, nicolae_vaults_little_squares_5,
          hangedman_vaults_capsules, nicolae_vaults_mini_display_case,
          serial_ice_h, nicolae_vaults_offset_grid_hallway_4,
          nicolae_vaults_library_corner, layout_vaults_big_room, uniq_sojobo
Vaults:5
Crypt:1:  layout_regular_city, ebering_ghost_disaster_area,
          nicolae_crypt_tucked_away
Crypt:2:  layout_chaotic_city
Crypt:3:  evilmike_haunted_forest
Tomb:1
Tomb:2
Tomb:3:   uniq_boris
Depths:1: layout_honeycomb, serial_shops, shop,
          pdpol_wu_jian_five_deadly_venoms, pf_coc_iceberg,
          gammafunk_ghost_split, hellmonk_guarded_unrand_salamander
Depths:2: minmay_concentric_multi, layout_cave_pools, serial_column_ruins,
          column_ruins_hut, column_ruins_open_tiny, column_ruins_corridor_T,
          column_ruins_open_small, rand_demon_pan_entry_3, hangedman_geh_valley,
          hangedman_decor_clover_reticule, infiniplex_staircase_zigzag_2
Depths:3: hangedman_arrow_trap, layout_gridlike, hell_entry,
          abyss_entry_crystal, serial_shops, shop, nicolae_shop_window_shopping,
          shop_statue, okawaru_trees_2
Depths:4: grunt_zot_entry_gee_three, layout_cave_shapes, enter_ziggurat_b,
          minmay_room_of_horrors, hell_entry, minmay_misc_feat_pillars,
          uniq_mennas
Hell
Dis:1:    layout_gridville
Dis:2:    hangedman_dis_monolith, layout_regular_city, door_vault
Dis:3:    layout_regular_city, nicolae_dis_step_into_the_octagon
Dis:4:    layout_jigsaw, nicolae_dis_bowling_alley
Dis:5:    hangedman_iron_city_apartments
Dis:6:    layout_overlapping_boxes, glass_columns_a, nicolae_dis_grated_feature
Dis:7:    iron_city_of_dis [dis_mu, dis_wall_6], layout_gridville
Geh:1:    layout_gehenna_pools_triple
Geh:2:    layout_gehenna_pools_basic
Geh:3:    layout_gehenna_lava_caves
Geh:4:    layout_gehenna_lava_caves
Geh:5:    layout_gehenna_pools_triple
Geh:6:    nicolae_hells_demon_pit, layout_gehenna_pools_triple
Geh:7:    geh_old
Coc:1:    layout_cocytus_water_paths
Coc:2:    layout_cocytus_delve
Coc:3:    layout_ice_bergs
Coc:4:    layout_cocytus_delve
Coc:5:    layout_cocytus_delve
Coc:6:    layout_cocytus_water_paths
Coc:7:    coc_hangedman
Tar:1:    layout_catacombs, nicolae_tar_cuneiform_to_be,
          nicolae_tar_cuneiform_three
Tar:2:    layout_grid_maze
Tar:3:    layout_honeycomb
Tar:4:    layout_grid_maze, nicolae_tar_stay_or_leave
Tar:5:    layout_cathedral_of_symmetry
Tar:6:    layout_grid_maze
Tar:7:    tar_grunt_cathedral
Zot:1:    layout_gridlike, gammafunk_ghost_wrathful_warriors,
          hangedman_zot_decor_slant
Zot:2:    kennysheep_ambush_hall, layout_twisted_circle
Zot:3:    layout_onion_interference, grunt_megastairs_4
Zot:4:    lemuel_firehouse, layout_concentric_octagons, gammafunk_ghost_grave,
          regret_index_zot_stipple_split
Zot:5:    layout_basic, regret_index_zotdec_stipple_waver

Skill      XL: |  1  2  3  4  5  6  7  8  9 10 11 12 13 14 15 16 17 18 19 20 21 22 23 24 25 26 27 |
---------------+----------------------------------------------------------------------------------+-----
Fighting       | 1 2 3 5 7 8 10 13 15 16 17 19 20 27 | 27.0
Spellcasting   | 4 5 7 9 10 11 12 13 14 15 16 17 19 20 21 23 24 27 | 27.0
Conjurations   | 4 5 7 9 10 11 12 13 14 15 16 17 19 20 21 23 24 27 | 27.0
Hexes          | 4 5 7 9 10 11 12 13 14 15 16 17 19 20 21 23 24 27 | 27.0
Summonings     | 4 5 7 9 10 11 12 13 14 15 16 17 19 20 21 23 24 27 | 27.0
Necromancy     | 4 5 7 9 10 11 12 13 14 15 16 17 19 20 21 23 24 27 | 27.0
Translocations | 4 5 7 9 10 11 12 13 14 15 16 17 19 20 21 23 24 27 | 27.0
Fire Magic     | 4 5 7 9 10 11 12 13 14 15 16 17 19 20 21 23 24 27 | 27.0
Ice Magic      | 4 5 7 9 10 11 12 13 14 15 16 17 19 20 21 23 24 27 | 27.0
Air Magic      | 4 5 7 9 10 11 12 13 14 15 16 17 19 20 21 23 24 27 | 27.0
Earth Magic    | 4 5 7 9 10 11 12 13 14 15 16 17 19 20 21 23 24 27 | 27.0
Alchemy        | 4 5 7 9 10 11 12 13 14 15 16 17 19 20 21 23 24 27 | 27.0
Shields        | 3 5 10 11 14 17 18 27 | 27.0
Dodging        | 4 6 8 12 15 16 27 | 27.0
Armour         | 3 7 27 | 27.0
Invocations    | 5 6 8 9 12 27 | 27.0
Evocations     | 5 6 8 27 | 27.0
Shapeshifting  | 27 | 27.0
Staves         | 24 | 24.8
Stealth        | 27 | 27.0
Throwing       | 27 | 27.0
Short Blades   | 27 | 27.0
Maces & Flails | 27 | 27.0
Polearms       | 27 | 27.0
Long Blades    | 27 | 27.0
Axes           | 27 | 27.0
Ranged Weapons | 27 | 27.0
Unarmed Combat | 27 | 27.0

Action                     |  1- 3 |  4- 6 |  7- 9 | 10-12 | 13-15 | 16-18 | 19-21 | 22-24 | 25-27 || total
---------------------------+-------+-------+-------+-------+-------+-------+-------+-------+-------++-------
  Melee: Unarmed           |     1 |       |       |       |       |       |       |       |       ||     1
         Rapier            |     1 |       |       |       |       |       |       |       |       ||     1
         Staff             |       |     1 |     1 |       |    17 |    10 |     2 |       |    16 ||    47
         Bo                |       |       |       |       |       |       |       |       |     1 ||     1
  Throw: Javelin           |       |       |       |       |       |       |       |       |     6 ||     6
   Cast: Freeze            |    42 |    34 |       |       |       |       |       |       |       ||    76
         Summon Ice Beast  |       |    17 |    18 |    55 |    67 |    83 |    17 |    11 |    22 ||   290
         Frozen Ramparts   |       |     5 |     9 |    40 |    77 |    33 |     7 |     1 |       ||   172
         Ozocubu's Armour  |       |     1 |     1 |    15 |    54 |    68 |    20 |    20 |    22 ||   201
         Scorch            |       |       |    57 |   165 |   325 |   253 |       |       |       ||   800
         Call Canine Famil |       |       |     9 |    68 |    72 |    85 |    13 |     8 |    21 ||   276
         Arcjolt           |       |       |       |     8 |    83 |    74 |    38 |     5 |     5 ||   213
         Lesser Beckoning  |       |       |       |       |     3 |       |       |       |     3 ||     6
         Alistair's Intoxi |       |       |       |       |     1 |     2 |       |     1 |     1 ||     5
         Bombard           |       |       |       |       |    59 |   124 |    18 |    36 |   100 ||   337
         Monstrous Menager |       |       |       |       |       |   162 |    37 |    45 |    71 ||   315
         Plasma Beam       |       |       |       |       |       |       |   369 |   452 |   629 ||  1450
         Ignition          |       |       |       |       |       |       |    11 |    22 |   581 ||   614
         Spellforged Servi |       |       |       |       |       |       |       |    17 |    51 ||    68
         Shatter           |       |       |       |       |       |       |       |       |  3339 ||  3339
         Dragon's Call     |       |       |       |       |       |       |       |       |    30 ||    30
 Invoke: Lesser Servant of |       |       |       |     1 |       |       |     2 |       |     2 ||     5
         Potion Petition   |       |       |       |       |       |       |       |       |   203 ||   203
  Evoke: Wand              |       |       |       |       |       |       |       |       |    13 ||    13
         Lightning rod     |       |       |       |       |       |       |       |       |     3 ||     3
         Figurine of a zig |       |       |       |       |       |       |       |       |     3 ||     3
    Use: Scroll            |       |     4 |     3 |     6 |    15 |     4 |     3 |     4 |    50 ||    89
         Potion            |       |       |       |       |     1 |       |     1 |       |    41 ||    43
   Stab: Distracted        |       |       |       |       |       |     1 |       |       |     1 ||     2
 Armour: Robe              |    12 |    17 |    30 |       |       |       |       |       |   125 ||   184
         Ring mail         |       |       |       |    56 |    48 |       |       |       |       ||   104
         Troll leather arm |       |       |       |       |    83 |   191 |   105 |   116 |   177 ||   672
         Steam dragon scal |       |       |       |       |       |       |       |       |    96 ||    96
         Leather armour    |       |       |       |       |       |       |       |       |    21 ||    21
         Skin              |       |       |       |       |       |       |       |       |    10 ||    10
  Dodge: Dodged            |    16 |    33 |    31 |    38 |   128 |   275 |    81 |    69 |   327 ||   998
         Repelled          |       |       |       |       |       |       |       |       |    41 ||    41
  Block: Buckler           |       |       |       |    14 |    38 |    50 |       |       |       ||   102
         Kite shield       |       |       |       |       |       |   158 |   109 |   100 |    33 ||   400
         Tower shield      |       |       |       |       |       |       |       |       |   780 ||   780
         Reflection        |       |       |       |       |       |       |       |       |   128 ||   128
   Form: Death             |       |       |       |       |       |       |       |       |     6 ||     6
                           |       |       |       |       |       |       |       |       |     5 ||     5

Table legend: (Time is in decaauts)
 A = Elapsed time spent in this place.
 B = Non-inter-level travel time spent in this place.
 C = Inter-level travel time spent in this place.
 D = Time resting spent in this place.
 E = Time spent auto-exploring this place.
 F = Levels seen in this place.
 G = Mean time per level.
                   A        B        C        D        E       F      G
               +--------+--------+--------+--------+--------+-----+--------+
         Total |  76040 |  62612 |  13428 |   2466 |  39465 | 217 |  350.4 |
       Dungeon |  15747 |  11631 |   4116 |    513 |   8398 |  15 | 1049.8 |
        Temple |     42 |     11 |     31 |      0 |      0 |   1 |   42.0 |
          Lair |   5412 |   3831 |   1581 |    320 |   2367 |   5 | 1082.4 |
         Swamp |   2355 |   1640 |    715 |     36 |   1165 |   4 |  588.8 |
   Spider Nest |   3167 |   2102 |   1065 |     91 |    920 |   4 |  791.8 |
    Slime Pits |   1186 |   1117 |     69 |      0 |    896 |   5 |  237.2 |
  Orcish Mines |   1635 |   1485 |    150 |    116 |    969 |   2 |  817.5 |
   Elven Halls |   3740 |   2319 |   1421 |     94 |   1490 |   3 | 1246.7 |
        Vaults |   6093 |   4961 |   1132 |    148 |   4029 |   5 | 1218.6 |
         Crypt |   3103 |   2671 |    432 |    169 |   2059 |   3 | 1034.3 |
          Tomb |   2138 |   1928 |    210 |      0 |   1510 |   3 |  712.7 |
        Depths |   4349 |   2751 |   1598 |    203 |   1900 |   4 | 1087.2 |
          Hell |    613 |    426 |    187 |     19 |    291 |   1 |  613.0 |
           Dis |   1006 |    876 |    130 |     62 |    519 |   7 |  143.7 |
       Gehenna |    401 |    376 |     25 |      0 |      0 |   7 |   57.3 |
       Cocytus |    898 |    817 |     81 |      0 |    476 |   7 |  128.3 |
      Tartarus |   1209 |   1017 |    192 |     87 |    440 |   7 |  172.7 |
           Zot |   1209 |    923 |    286 |    152 |    232 |   5 |  241.8 |
         Abyss |    913 |    913 |      0 |      0 |    187 |   5 |  182.6 |
   Pandemonium |   2254 |   2254 |      0 |    105 |    517 |  14 |  161.0 |
      Ziggurat |  17078 |  17078 |      0 |    277 |  10479 | 108 |  158.1 |
      Ice Cave |    789 |    789 |      0 |     28 |    329 |   1 |  789.0 |
       Volcano |    692 |    692 |      0 |     46 |    291 |   1 |  692.0 |
               +--------+--------+--------+--------+--------+-----+--------+

Top non-repeatable levels by time:
     D:8: 1866 daAuts
 Crypt:3: 1697 daAuts
   Elf:3: 1651 daAuts
    D:11: 1595 daAuts
Vaults:1: 1556 daAuts
    D:14: 1489 daAuts
  Lair:5: 1451 daAuts
    D:15: 1385 daAuts
Depths:1: 1320 daAuts
  Zig:27: 1314 daAuts
  Zig:26: 1314 daAuts
    D:10: 1245 daAuts
Vaults:4: 1197 daAuts
Vaults:2: 1185 daAuts
     D:5: 1170 daAuts
